Workbook

Sheet Welcome
A2: Welcome to the Agroecology Research Collaboration's 'Research Needs' spreadsheet!
B4: What is this document?
B5: As a collective of organisations working within the food, farming and land-use sector, we rely on rigorously conducted research to advance agroecology in the UK and to support our policy work with governmental and public bodies. However, our organisations often don't have capacity to undertake all our research needs ourselves. We are also aware that there is a growing effort within research institutions to shift the norms around what gets researched, and how, and who sets research agendas. We therefore recognise the interdependence that exists between our organisations and research institutions to strengthen the agroecology movement. In light of this, we have created a ‘Research Needs’ document to highlight the topics that we require research evidence on. This document will evolve as our research needs expand and shift. Please note that while care has been taken to develop this list, it is not exhaustive and may not capture the full diversity of perspectives across the ARC community.
B6: How is it organised and how do I use it?
B7: Research Needs, as shown in the Research Needs tab at the bottom of this page, are tagged with overarching research topic(s). To search by topic , you can go to the Topic Selection tab and select topics that spark your interest. The Research Needs tab will automatically update to reflect your choices. To browse the full list, you can go to the 'All Research Needs' tab where they are organised into categories To search for a keyword, go to the 'All Research Needs' tab and use the 'Find' function within Excel (Ctrl + F).
B8: Who is it for?
B9: This resource is for all researchers, including student researchers, working in various organisations and at various career levels. Many of the research needs are large projects that could span many years, though these can be broken down into smaller questions in the case of a shorter-term project; please get in touch if you'd like advice on this.
B10: What do I do if I'm interested in doing research based on an idea in this document?
B11: If there is a question you are interested in pursuing, have ideas on developing a research project, would like to connect with the ARC, or want any further information, please contact us via email: isobel.talks@landworkersalliance.org.uk. If you are carrying out a project inspired by this spreadsheet, we ask that you kindly develop a communications output for our members (this could just be a one-pager that we co-design!)
B12: I've already done research on one of these topics; what now?
B13: If you’ve carried out a research project on any of these topics and feel comfortable sharing your outputs, we would be delighted to hear from you. We warmly welcome contributions from all researchers at any level, and aim to make this knowledge accessible to our communities, supporting on the ground change and integration into our policy and strategic work.

Sheet Topic Selection
B2: Please select topic(s) that spark your research interest
B3: We'd recommend choosing one or two at a time so the list isn't too overwhelming!
B5: Research Topic
B6: Farming systems & production
B7: ='Topics & contexts'!$A3 -> Agroecological practices & alternatives to conventional | C7: FALSE
B8: ='Topics & contexts'!$A4 -> Yield | C8: FALSE
B9: ='Topics & contexts'!$A5 -> Quality of produce | C9: FALSE
B10: ='Topics & contexts'!$A6 -> Tools, tech & appropriate innovation | C10: FALSE
B11: ='Topics & contexts'!A7 -> Resilience to shocks (incl. climate change) | C11: FALSE
B12: ='Topics & contexts'!A8 -> Certification & standards | C12: FALSE
B13: Ecosystem stewardship
B14: ='Topics & contexts'!A9 -> Ecology & biodiversity | C14: FALSE
B15: ='Topics & contexts'!A10 -> Soil health | C15: FALSE
B16: ='Topics & contexts'!A11 -> Water resources | C16: FALSE
B17: ='Topics & contexts'!A12 -> Animal welfare | C17: FALSE
B18: ='Topics & contexts'!A13 -> Resource management & circularity | C18: FALSE
B19: ='Topics & contexts'!A14 -> GHGs & climate mitigation | C19: FALSE
B20: Social and community welfare
B21: ='Topics & contexts'!A15 -> Food sovereignty & justice | C21: FALSE
B22: ='Topics & contexts'!A16 -> Land justice | C22: FALSE
B23: ='Topics & contexts'!A17 -> Labour & workers rights | C23: FALSE
B24: ='Topics & contexts'!A18 -> Social & community impacts | C24: FALSE
B25: ='Topics & contexts'!A19 -> Culture, heritage & traditional knowledge | C25: FALSE
B26: ='Topics & contexts'!A20 -> Education, training & knowledge exchange | C26: FALSE
B27: ='Topics & contexts'!A21 -> Research | C27: FALSE
B28: Economics
B29: ='Topics & contexts'!A22 -> Land access & new entrants | C29: FALSE
B30: ='Topics & contexts'!A23 -> Economic status, jobs & livelihoods | C30: FALSE
B31: ='Topics & contexts'!A24 -> Economic models & financing | C31: FALSE
B32: Systems change
B33: ='Topics & contexts'!A25 -> Policy & governance | C33: FALSE
B34: ='Topics & contexts'!A26 -> Communication, advocacy & political engagement | C34: FALSE
B35: ='Topics & contexts'!A27 -> Scale up opportunities & barriers | C35: FALSE
B36: ='Topics & contexts'!A28 -> Systemic change | C36: FALSE

Sheet Research Needs (by topic)
B2: ID | C2: Research Question | D2: Topics | E2: Contexts | F2: Comments | G2: References
B3: {=_xlfn._xlws.FILTER( 'Research Needs (all)'!A3:A196, _xlfn.BYROW( 'Research Needs (all)'!E3:E196, _xlfn.LAMBDA(_xlpm.row, SUM( --ISNUMBER( MATCH( TRIM(_xlfn.TEXTSPLIT(_xlpm.row, ";")), TRIM(_xlfn._xlws.FILTER('Topic Selection'!B7:B40, 'Topic Selection'!C7:C40=TRUE)), 0 ) ) )>0 ) ), "" )} | C3: =IF($B3="", "", INDEX('Research Needs (all)'!$B$3:$B$196, MATCH($B3,'Research Needs (all)'!$A$3:$A$196, 0))) | D3: =IF($B3 = "", "", INDEX('Research Needs (all)'!$E$3:$E$196, MATCH($B3,'Research Needs (all)'!$A$3:$A$196, 0))) | E3: =IF($B3 = "", "", IF(INDEX('Research Needs (all)'!#REF!, MATCH($B3,'Research Needs (all)'!$A$3:$A$196, 0)) = 0, "", INDEX('Research Needs (all)'!#REF!, MATCH($B3,'Research Needs (all)'!$A$3:$A$196, 0)))) | F3: =IF($B3 = "", "", IF(INDEX('Research Needs (all)'!M$3:M$196, MATCH($B3,'Research Needs (all)'!$A$3:$A$196, 0)) = 0, "", INDEX('Research Needs (all)'!M$3:M$196, MATCH($B3,'Research Needs (all)'!$A$3:$A$196, 0)))) | G3: =IF($B3 = "", "", IF(INDEX('Research Needs (all)'!N$3:N$196, MATCH($B3,'Research Needs (all)'!$A$3:$A$196, 0)) = 0, "", INDEX('Research Needs (all)'!N$3:N$196, MATCH($B3,'Research Needs (all)'!$A$3:$A$196, 0))))
C4: =IF($B4="", "", INDEX('Research Needs (all)'!$B$3:$B$196, MATCH($B4,'Research Needs (all)'!$A$3:$A$196, 0))) | D4: =IF($B4 = "", "", INDEX('Research Needs (all)'!$E$3:$E$196, MATCH($B4,'Research Needs (all)'!$A$3:$A$196, 0))) | E4: =IF($B4 = "", "", IF(INDEX('Research Needs (all)'!#REF!, MATCH($B4,'Research Needs (all)'!$A$3:$A$196, 0)) = 0, "", INDEX('Research Needs (all)'!#REF!, MATCH($B4,'Research Needs (all)'!$A$3:$A$196, 0)))) | F4: =IF($B4 = "", "", IF(INDEX('Research Needs (all)'!M$3:M$196, MATCH($B4,'Research Needs (all)'!$A$3:$A$196, 0)) = 0, "", INDEX('Research Needs (all)'!M$3:M$196, MATCH($B4,'Research Needs (all)'!$A$3:$A$196, 0)))) | G4: =IF($B4 = "", "", IF(INDEX('Research Needs (all)'!N$3:N$196, MATCH($B4,'Research Needs (all)'!$A$3:$A$196, 0)) = 0, "", INDEX('Research Needs (all)'!N$3:N$196, MATCH($B4,'Research Needs (all)'!$A$3:$A$196, 0))))
C5: =IF($B5="", "", INDEX('Research Needs (all)'!$B$3:$B$196, MATCH($B5,'Research Needs (all)'!$A$3:$A$196, 0))) | D5: =IF($B5 = "", "", INDEX('Research Needs (all)'!$E$3:$E$196, MATCH($B5,'Research Needs (all)'!$A$3:$A$196, 0))) | E5: =IF($B5 = "", "", IF(INDEX('Research Needs (all)'!#REF!, MATCH($B5,'Research Needs (all)'!$A$3:$A$196, 0)) = 0, "", INDEX('Research Needs (all)'!#REF!, MATCH($B5,'Research Needs (all)'!$A$3:$A$196, 0)))) | F5: =IF($B5 = "", "", IF(INDEX('Research Needs (all)'!M$3:M$196, MATCH($B5,'Research Needs (all)'!$A$3:$A$196, 0)) = 0, "", INDEX('Research Needs (all)'!M$3:M$196, MATCH($B5,'Research Needs (all)'!$A$3:$A$196, 0)))) | G5: =IF($B5 = "", "", IF(INDEX('Research Needs (all)'!N$3:N$196, MATCH($B5,'Research Needs (all)'!$A$3:$A$196, 0)) = 0, "", INDEX('Research Needs (all)'!N$3:N$196, MATCH($B5,'Research Needs (all)'!$A$3:$A$196, 0))))
C6: =IF($B6="", "", INDEX('Research Needs (all)'!$B$3:$B$196, MATCH($B6,'Research Needs (all)'!$A$3:$A$196, 0))) | D6: =IF($B6 = "", "", INDEX('Research Needs (all)'!$E$3:$E$196, MATCH($B6,'Research Needs (all)'!$A$3:$A$196, 0))) | E6: =IF($B6 = "", "", IF(INDEX('Research Needs (all)'!#REF!, MATCH($B6,'Research Needs (all)'!$A$3:$A$196, 0)) = 0, "", INDEX('Research Needs (all)'!#REF!, MATCH($B6,'Research Needs (all)'!$A$3:$A$196, 0)))) | F6: =IF($B6 = "", "", IF(INDEX('Research Needs (all)'!M$3:M$196, MATCH($B6,'Research Needs (all)'!$A$3:$A$196, 0)) = 0, "", INDEX('Research Needs (all)'!M$3:M$196, MATCH($B6,'Research Needs (all)'!$A$3:$A$196, 0)))) | G6: =IF($B6 = "", "", IF(INDEX('Research Needs (all)'!N$3:N$196, MATCH($B6,'Research Needs (all)'!$A$3:$A$196, 0)) = 0, "", INDEX('Research Needs (all)'!N$3:N$196, MATCH($B6,'Research Needs (all)'!$A$3:$A$196, 0))))
C7: =IF($B7="", "", INDEX('Research Needs (all)'!$B$3:$B$196, MATCH($B7,'Research Needs (all)'!$A$3:$A$196, 0))) | D7: =IF($B7 = "", "", INDEX('Research Needs (all)'!$E$3:$E$196, MATCH($B7,'Research Needs (all)'!$A$3:$A$196, 0))) | E7: =IF($B7 = "", "", IF(INDEX('Research Needs (all)'!#REF!, MATCH($B7,'Research Needs (all)'!$A$3:$A$196, 0)) = 0, "", INDEX('Research Needs (all)'!#REF!, MATCH($B7,'Research Needs (all)'!$A$3:$A$196, 0)))) | F7: =IF($B7 = "", "", IF(INDEX('Research Needs (all)'!M$3:M$196, MATCH($B7,'Research Needs (all)'!$A$3:$A$196, 0)) = 0, "", INDEX('Research Needs (all)'!M$3:M$196, MATCH($B7,'Research Needs (all)'!$A$3:$A$196, 0)))) | G7: =IF($B7 = "", "", IF(INDEX('Research Needs (all)'!N$3:N$196, MATCH($B7,'Research Needs (all)'!$A$3:$A$196, 0)) = 0, "", INDEX('Research Needs (all)'!N$3:N$196, MATCH($B7,'Research Needs (all)'!$A$3:$A$196, 0))))
C8: =IF($B8="", "", INDEX('Research Needs (all)'!$B$3:$B$196, MATCH($B8,'Research Needs (all)'!$A$3:$A$196, 0))) | D8: =IF($B8 = "", "", INDEX('Research Needs (all)'!$E$3:$E$196, MATCH($B8,'Research Needs (all)'!$A$3:$A$196, 0))) | E8: =IF($B8 = "", "", IF(INDEX('Research Needs (all)'!#REF!, MATCH($B8,'Research Needs (all)'!$A$3:$A$196, 0)) = 0, "", INDEX('Research Needs (all)'!#REF!, MATCH($B8,'Research Needs (all)'!$A$3:$A$196, 0)))) | F8: =IF($B8 = "", "", IF(INDEX('Research Needs (all)'!M$3:M$196, MATCH($B8,'Research Needs (all)'!$A$3:$A$196, 0)) = 0, "", INDEX('Research Needs (all)'!M$3:M$196, MATCH($B8,'Research Needs (all)'!$A$3:$A$196, 0)))) | G8: =IF($B8 = "", "", IF(INDEX('Research Needs (all)'!N$3:N$196, MATCH($B8,'Research Needs (all)'!$A$3:$A$196, 0)) = 0, "", INDEX('Research Needs (all)'!N$3:N$196, MATCH($B8,'Research Needs (all)'!$A$3:$A$196, 0))))
C9: =IF($B9="", "", INDEX('Research Needs (all)'!$B$3:$B$196, MATCH($B9,'Research Needs (all)'!$A$3:$A$196, 0))) | D9: =IF($B9 = "", "", INDEX('Research Needs (all)'!$E$3:$E$196, MATCH($B9,'Research Needs (all)'!$A$3:$A$196, 0))) | E9: =IF($B9 = "", "", IF(INDEX('Research Needs (all)'!#REF!, MATCH($B9,'Research Needs (all)'!$A$3:$A$196, 0)) = 0, "", INDEX('Research Needs (all)'!#REF!, MATCH($B9,'Research Needs (all)'!$A$3:$A$196, 0)))) | F9: =IF($B9 = "", "", IF(INDEX('Research Needs (all)'!M$3:M$196, MATCH($B9,'Research Needs (all)'!$A$3:$A$196, 0)) = 0, "", INDEX('Research Needs (all)'!M$3:M$196, MATCH($B9,'Research Needs (all)'!$A$3:$A$196, 0)))) | G9: =IF($B9 = "", "", IF(INDEX('Research Needs (all)'!N$3:N$196, MATCH($B9,'Research Needs (all)'!$A$3:$A$196, 0)) = 0, "", INDEX('Research Needs (all)'!N$3:N$196, MATCH($B9,'Research Needs (all)'!$A$3:$A$196, 0))))
C10: =IF($B10="", "", INDEX('Research Needs (all)'!$B$3:$B$196, MATCH($B10,'Research Needs (all)'!$A$3:$A$196, 0))) | D10: =IF($B10 = "", "", INDEX('Research Needs (all)'!$E$3:$E$196, MATCH($B10,'Research Needs (all)'!$A$3:$A$196, 0))) | E10: =IF($B10 = "", "", IF(INDEX('Research Needs (all)'!#REF!, MATCH($B10,'Research Needs (all)'!$A$3:$A$196, 0)) = 0, "", INDEX('Research Needs (all)'!#REF!, MATCH($B10,'Research Needs (all)'!$A$3:$A$196, 0)))) | F10: =IF($B10 = "", "", IF(INDEX('Research Needs (all)'!M$3:M$196, MATCH($B10,'Research Needs (all)'!$A$3:$A$196, 0)) = 0, "", INDEX('Research Needs (all)'!M$3:M$196, MATCH($B10,'Research Needs (all)'!$A$3:$A$196, 0)))) | G10: =IF($B10 = "", "", IF(INDEX('Research Needs (all)'!N$3:N$196, MATCH($B10,'Research Needs (all)'!$A$3:$A$196, 0)) = 0, "", INDEX('Research Needs (all)'!N$3:N$196, MATCH($B10,'Research Needs (all)'!$A$3:$A$196, 0))))
C11: =IF($B11="", "", INDEX('Research Needs (all)'!$B$3:$B$196, MATCH($B11,'Research Needs (all)'!$A$3:$A$196, 0))) | D11: =IF($B11 = "", "", INDEX('Research Needs (all)'!$E$3:$E$196, MATCH($B11,'Research Needs (all)'!$A$3:$A$196, 0))) | E11: =IF($B11 = "", "", IF(INDEX('Research Needs (all)'!#REF!, MATCH($B11,'Research Needs (all)'!$A$3:$A$196, 0)) = 0, "", INDEX('Research Needs (all)'!#REF!, MATCH($B11,'Research Needs (all)'!$A$3:$A$196, 0)))) | F11: =IF($B11 = "", "", IF(INDEX('Research Needs (all)'!M$3:M$196, MATCH($B11,'Research Needs (all)'!$A$3:$A$196, 0)) = 0, "", INDEX('Research Needs (all)'!M$3:M$196, MATCH($B11,'Research Needs (all)'!$A$3:$A$196, 0)))) | G11: =IF($B11 = "", "", IF(INDEX('Research Needs (all)'!N$3:N$196, MATCH($B11,'Research Needs (all)'!$A$3:$A$196, 0)) = 0, "", INDEX('Research Needs (all)'!N$3:N$196, MATCH($B11,'Research Needs (all)'!$A$3:$A$196, 0))))
C12: =IF($B12="", "", INDEX('Research Needs (all)'!$B$3:$B$196, MATCH($B12,'Research Needs (all)'!$A$3:$A$196, 0))) | D12: =IF($B12 = "", "", INDEX('Research Needs (all)'!$E$3:$E$196, MATCH($B12,'Research Needs (all)'!$A$3:$A$196, 0))) | E12: =IF($B12 = "", "", IF(INDEX('Research Needs (all)'!#REF!, MATCH($B12,'Research Needs (all)'!$A$3:$A$196, 0)) = 0, "", INDEX('Research Needs (all)'!#REF!, MATCH($B12,'Research Needs (all)'!$A$3:$A$196, 0)))) | F12: =IF($B12 = "", "", IF(INDEX('Research Needs (all)'!M$3:M$196, MATCH($B12,'Research Needs (all)'!$A$3:$A$196, 0)) = 0, "", INDEX('Research Needs (all)'!M$3:M$196, MATCH($B12,'Research Needs (all)'!$A$3:$A$196, 0)))) | G12: =IF($B12 = "", "", IF(INDEX('Research Needs (all)'!N$3:N$196, MATCH($B12,'Research Needs (all)'!$A$3:$A$196, 0)) = 0, "", INDEX('Research Needs (all)'!N$3:N$196, MATCH($B12,'Research Needs (all)'!$A$3:$A$196, 0))))
C13: =IF($B13="", "", INDEX('Research Needs (all)'!$B$3:$B$196, MATCH($B13,'Research Needs (all)'!$A$3:$A$196, 0))) | D13: =IF($B13 = "", "", INDEX('Research Needs (all)'!$E$3:$E$196, MATCH($B13,'Research Needs (all)'!$A$3:$A$196, 0))) | E13: =IF($B13 = "", "", IF(INDEX('Research Needs (all)'!#REF!, MATCH($B13,'Research Needs (all)'!$A$3:$A$196, 0)) = 0, "", INDEX('Research Needs (all)'!#REF!, MATCH($B13,'Research Needs (all)'!$A$3:$A$196, 0)))) | F13: =IF($B13 = "", "", IF(INDEX('Research Needs (all)'!M$3:M$196, MATCH($B13,'Research Needs (all)'!$A$3:$A$196, 0)) = 0, "", INDEX('Research Needs (all)'!M$3:M$196, MATCH($B13,'Research Needs (all)'!$A$3:$A$196, 0)))) | G13: =IF($B13 = "", "", IF(INDEX('Research Needs (all)'!N$3:N$196, MATCH($B13,'Research Needs (all)'!$A$3:$A$196, 0)) = 0, "", INDEX('Research Needs (all)'!N$3:N$196, MATCH($B13,'Research Needs (all)'!$A$3:$A$196, 0))))
C14: =IF($B14="", "", INDEX('Research Needs (all)'!$B$3:$B$196, MATCH($B14,'Research Needs (all)'!$A$3:$A$196, 0))) | D14: =IF($B14 = "", "", INDEX('Research Needs (all)'!$E$3:$E$196, MATCH($B14,'Research Needs (all)'!$A$3:$A$196, 0))) | E14: =IF($B14 = "", "", IF(INDEX('Research Needs (all)'!#REF!, MATCH($B14,'Research Needs (all)'!$A$3:$A$196, 0)) = 0, "", INDEX('Research Needs (all)'!#REF!, MATCH($B14,'Research Needs (all)'!$A$3:$A$196, 0)))) | F14: =IF($B14 = "", "", IF(INDEX('Research Needs (all)'!M$3:M$196, MATCH($B14,'Research Needs (all)'!$A$3:$A$196, 0)) = 0, "", INDEX('Research Needs (all)'!M$3:M$196, MATCH($B14,'Research Needs (all)'!$A$3:$A$196, 0)))) | G14: =IF($B14 = "", "", IF(INDEX('Research Needs (all)'!N$3:N$196, MATCH($B14,'Research Needs (all)'!$A$3:$A$196, 0)) = 0, "", INDEX('Research Needs (all)'!N$3:N$196, MATCH($B14,'Research Needs (all)'!$A$3:$A$196, 0))))
C15: =IF($B15="", "", INDEX('Research Needs (all)'!$B$3:$B$196, MATCH($B15,'Research Needs (all)'!$A$3:$A$196, 0))) | D15: =IF($B15 = "", "", INDEX('Research Needs (all)'!$E$3:$E$196, MATCH($B15,'Research Needs (all)'!$A$3:$A$196, 0))) | E15: =IF($B15 = "", "", IF(INDEX('Research Needs (all)'!#REF!, MATCH($B15,'Research Needs (all)'!$A$3:$A$196, 0)) = 0, "", INDEX('Research Needs (all)'!#REF!, MATCH($B15,'Research Needs (all)'!$A$3:$A$196, 0)))) | F15: =IF($B15 = "", "", IF(INDEX('Research Needs (all)'!M$3:M$196, MATCH($B15,'Research Needs (all)'!$A$3:$A$196, 0)) = 0, "", INDEX('Research Needs (all)'!M$3:M$196, MATCH($B15,'Research Needs (all)'!$A$3:$A$196, 0)))) | G15: =IF($B15 = "", "", IF(INDEX('Research Needs (all)'!N$3:N$196, MATCH($B15,'Research Needs (all)'!$A$3:$A$196, 0)) = 0, "", INDEX('Research Needs (all)'!N$3:N$196, MATCH($B15,'Research Needs (all)'!$A$3:$A$196, 0))))
... C246: =IF($B246="", "", INDEX('Research Needs (all)'!$B$3:$B$196, MATCH($B246,'Research Needs (all)'!$A$3:$A$196, 0))) | D246: =IF($B246 = "", "", INDEX('Research Needs (all)'!$E$3:$E$196, MATCH($B246,'Research Needs (all)'!$A$3:$A$196, 0))) | E246: =IF($B246 = "", "", IF(INDEX('Research Needs (all)'!#REF!, MATCH($B246,'Research Needs (all)'!$A$3:$A$196, 0)) = 0, "", INDEX('Research Needs (all)'!#REF!, MATCH($B246,'Research Needs (all)'!$A$3:$A$196, 0)))) | F246: =IF($B246 = "", "", IF(INDEX('Research Needs (all)'!M$3:M$196, MATCH($B246,'Research Needs (all)'!$A$3:$A$196, 0)) = 0, "", INDEX('Research Needs (all)'!M$3:M$196, MATCH($B246,'Research Needs (all)'!$A$3:$A$196, 0)))) | G246: =IF($B246 = "", "", IF(INDEX('Research Needs (all)'!N$3:N$196, MATCH($B246,'Research Needs (all)'!$A$3:$A$196, 0)) = 0, "", INDEX('Research Needs (all)'!N$3:N$196, MATCH($B246,'Research Needs (all)'!$A$3:$A$196, 0))))

Sheet All Research Needs
B2: ID | C2: Research Question | D2: Topics | E2: Contexts | F2: Comments | G2: References
B3: {=_xlfn._xlws.FILTER( 'Research Needs (all)'!A3:A196, _xlfn.BYROW( 'Research Needs (all)'!E3:E196, _xlfn.LAMBDA(_xlpm.row, SUM( --ISNUMBER( MATCH( TRIM(_xlfn.TEXTSPLIT(_xlpm.row, ";")), TRIM(_xlfn._xlws.FILTER('Topic Selection'!B14:B40, 'Topic Selection'!C14:C40=TRUE)), 0 ) ) )>0 ) ), "" )} | C3: ='Research Needs (all)'!B3 -> How can ecological/sustainable farmers ensure that their produce is accessible to all? | F3: =IF('Research Needs (all)'!M3 = "", "", 'Research Needs (all)'!M3) | G3: =IF('Research Needs (all)'!N3 = "", "", 'Research Needs (all)'!N3)
C4: ='Research Needs (all)'!B4 -> How are ecological and sustainable farmers engaging with issues of Food Justice? | F4: =IF('Research Needs (all)'!M4 = "", "", 'Research Needs (all)'!M4) | G4: =IF('Research Needs (all)'!N4 = "", "", 'Research Needs (all)'!N4)
C5: ='Research Needs (all)'!B5 -> Amongst agroecological farmers, what practices can be shared and implemented to improve food accessibility and equity? | F5: =IF('Research Needs (all)'!M5 = "", "", 'Research Needs (all)'!M5) | G5: =IF('Research Needs (all)'!N5 = "", "", 'Research Needs (all)'!N5)
C6: ='Research Needs (all)'!B6 -> How commercially viable are small/medium production systems? | F6: =IF('Research Needs (all)'!M6 = "", "", 'Research Needs (all)'!M6) -> E.g., could do an updated version of the 2011 ELC report 'Small is Successful' | G6: =IF('Research Needs (all)'!N6 = "", "", 'Research Needs (all)'!N6) -> 2011 ELC report 'Small is Successful'
C7: ='Research Needs (all)'!B7 -> How can farms collaborate in ways that are mutually supportive, including to maximise revenue streams? | F7: =IF('Research Needs (all)'!M7 = "", "", 'Research Needs (all)'!M7) -> E.g., coordinating food production for public procurement systems or CSA model collaborations. | G7: =IF('Research Needs (all)'!N7 = "", "", 'Research Needs (all)'!N7)
C8: ='Research Needs (all)'!B8 -> How much public funding is allocated to research and development (R&D) in organic and agroecological practices compared to other agricultural approaches? | F8: =IF('Research Needs (all)'!M8 = "", "", 'Research Needs (all)'!M8) | G8: =IF('Research Needs (all)'!N8 = "", "", 'Research Needs (all)'!N8)
C9: ='Research Needs (all)'!B9 -> How do different True Cost Accounting (TCA) valuation methods compare in their ability to capture the environmental and social externalities of agriculture? | F9: =IF('Research Needs (all)'!M9 = "", "", 'Research Needs (all)'!M9) | G9: =IF('Research Needs (all)'!N9 = "", "", 'Research Needs (all)'!N9)
C10: ='Research Needs (all)'!B10 -> In what ways is True Cost Accounting research influencing agricultural and food policy, and what are the implications for sustainability debates? | F10: =IF('Research Needs (all)'!M10 = "", "", 'Research Needs (all)'!M10) | G10: =IF('Research Needs (all)'!N10 = "", "", 'Research Needs (all)'!N10)
C11: ='Research Needs (all)'!B11 -> What are the social impacts and benefits of agroecological farming systems, and how are these linked to current policy agendas? | F11: =IF('Research Needs (all)'!M11 = "", "", 'Research Needs (all)'!M11) | G11: =IF('Research Needs (all)'!N11 = "", "", 'Research Needs (all)'!N11)
C12: ='Research Needs (all)'!B12 -> How does peri-urban agriculture contribute to social value, particularly in relation to diet, physical health, and mental wellbeing? | F12: =IF('Research Needs (all)'!M12 = "", "", 'Research Needs (all)'!M12) | G12: =IF('Research Needs (all)'!N12 = "", "", 'Research Needs (all)'!N12)
C13: ='Research Needs (all)'!B13 -> What different models of land tenure exist globally and/or in specific region? How do they vary across urban, peri-urban, and rural contexts? | F13: =IF('Research Needs (all)'!M13 = "", "", 'Research Needs (all)'!M13) | G13: =IF('Research Needs (all)'!N13 = "", "", 'Research Needs (all)'!N13)
C14: ='Research Needs (all)'!B14 -> What barriers exist to accessing land under different tenure models? What policies exacerbate or mitigate barriers to equitable land access? | F14: =IF('Research Needs (all)'!M14 = "", "", 'Research Needs (all)'!M14) | G14: =IF('Research Needs (all)'!N14 = "", "", 'Research Needs (all)'!N14)
C15: ='Research Needs (all)'!B15 -> How do perceptions of farming shape the uptake of agroecological practices among new and prospective farmers? | F15: =IF('Research Needs (all)'!M15 = "", "", 'Research Needs (all)'!M15) | G15: =IF('Research Needs (all)'!N15 = "", "", 'Research Needs (all)'!N15)
... C195: ='Research Needs (all)'!B195 -> How can agroecological farming models be made more attractive to policymakers and investors operating within a capitalist market framework? What policy, market, and investment mechanisms could align agroecological innovation with current funding and support systems (e.g., Defra funding programmes), whilst safeguarding social and ecological principles? | F195: =IF('Research Needs (all)'!M195 = "", "", 'Research Needs (all)'!M195) | G195: =IF('Research Needs (all)'!N195 = "", "", 'Research Needs (all)'!N195)

Sheet Research Needs (all)
A1: [non-public-facing copy: hide this sheet for the public version]
A2: ID | B2: Research Question | C2: FOR REVIEW (OLD RESEARCH TOPIC) | D2: FOR REVIEW (comment) | E2: Topics | F2: Topic 1 | G2: Topic 2 | H2: Topic 3 | I2: Topic 4 | J2: Topic 5 | K2: Topic 6 | L2: Topic 7 | M2: Comments | N2: References | O2: Proposed by | P2: Contact details
A3: 1 | B3: How can ecological/sustainable farmers ensure that their produce is accessible to all? | C3: How can ecological/sustainable farmers ensure that their produce is accessible to all? How are ecological and sustainable farmers engaging with issues of Food Jusitce? What practices can be shared and implemented? | D3: split into 3 | E3: =_xlfn.TEXTJOIN("; ", TRUE, F3:L3) -> Food sovereignty & justice; Economic models & financing; Systemic change | F3: ='Topics & contexts'!A15 -> Food sovereignty & justice | G3: ='Topics & contexts'!A24 -> Economic models & financing | H3: ='Topics & contexts'!$A$28 -> Systemic change | O3: CSA | P3: csanetworkfunding@gmail.com
A4: =A3+1 -> 2 | B4: How are ecological and sustainable farmers engaging with issues of Food Justice? | C4: How can ecological/sustainable farmers ensure that their produce is accessible to all? How are ecological and sustainable farmers engaging with issues of Food Jusitce? What practices can be shared and implemented? | D4: split into 3 | E4: =_xlfn.TEXTJOIN("; ", TRUE, F4:L4) -> Food sovereignty & justice; Communication, advocacy & political engagement; Systemic change | F4: ='Topics & contexts'!A15 -> Food sovereignty & justice | G4: ='Topics & contexts'!A26 -> Communication, advocacy & political engagement | H4: ='Topics & contexts'!$A$28 -> Systemic change | O4: CSA | P4: csanetworkfunding@gmail.com
A5: =A4+1 -> 3 | B5: Amongst agroecological farmers, what practices can be shared and implemented to improve food accessibility and equity? | C5: How can ecological/sustainable farmers ensure that their produce is accessible to all? How are ecological and sustainable farmers engaging with issues of Food Jusitce? What practices can be shared and implemented? | D5: split into 3 | E5: =_xlfn.TEXTJOIN("; ", TRUE, F5:L5) -> Food sovereignty & justice; Education, training & knowledge exchange; Systemic change | F5: ='Topics & contexts'!A15 -> Food sovereignty & justice | G5: ='Topics & contexts'!A20 -> Education, training & knowledge exchange | H5: ='Topics & contexts'!$A$28 -> Systemic change | O5: CSA | P5: csanetworkfunding@gmail.com
A6: =A5+1 -> 4 | B6: How commercially viable are small/medium production systems? | C6: Research that demonstrates how commercially viable small/medium production systems are. The ELC produced a report in 2011 looking at the viability of SME's in the food, farming and forestry sector - this research now needs updating. | D6: reframed as RQ | E6: =_xlfn.TEXTJOIN("; ", TRUE, F6:L6) -> Economic status, jobs & livelihoods | F6: ='Topics & contexts'!A23 -> Economic status, jobs & livelihoods | M6: E.g., could do an updated version of the 2011 ELC report 'Small is Successful' | N6: 2011 ELC report 'Small is Successful' | O6: ELC | P6: oli@ecologicalland.coop
A7: =A6+1 -> 5 | B7: How can farms collaborate in ways that are mutually supportive, including to maximise revenue streams? | C7: How can farms collaborate in ways that are mutually supportive? For exmaple, how can they coordiante food production for engagment with public procurement systems? Or, in the CSA model, is there a way for farms to collaborate on what produce is grown? | D7: Reduced and added to comments | E7: =_xlfn.TEXTJOIN("; ", TRUE, F7:L7) -> Economic models & financing; Labour & workers rights; Education, training & knowledge exchange | F7: ='Topics & contexts'!A24 -> Economic models & financing | G7: ='Topics & contexts'!A17 -> Labour & workers rights | H7: ='Topics & contexts'!A20 -> Education, training & knowledge exchange | M7: E.g., coordinating food production for public procurement systems or CSA model collaborations. | O7: CSA, LWA | P7: csanetworkfunding@gmail.com
A8: =A7+1 -> 6 | B8: How much public funding is allocated to research and development (R&D) in organic and agroecological practices compared to other agricultural approaches? | C8: Statistics and analysis on how much public funding goes towards R&D for organic/agroecological practices. | D8: reframed as RQ | E8: =_xlfn.TEXTJOIN("; ", TRUE, F8:L8) -> Policy & governance; Research; Tools, tech & appropriate innovation | F8: ='Topics & contexts'!A25 -> Policy & governance | G8: ='Topics & contexts'!$A$21 -> Research | I8: ='Topics & contexts'!$A$6 -> Tools, tech & appropriate innovation
A9: =A8+1 -> 7 | B9: How do different True Cost Accounting (TCA) valuation methods compare in their ability to capture the environmental and social externalities of agriculture? | C9: Critical analysis of the True Cost Accounting (TCA) valuation methods | D9: reframed as RQ | E9: =_xlfn.TEXTJOIN("; ", TRUE, F9:L9) -> Economic models & financing; Systemic change; Social & community impacts | F9: ='Topics & contexts'!A24 -> Economic models & financing | G9: ='Topics & contexts'!A28 -> Systemic change | H9: ='Topics & contexts'!A18 -> Social & community impacts | O9: ELC | P9: oli@ecologicalland.coop
A10: =A9+1 -> 8 | B10: In what ways is True Cost Accounting research influencing agricultural and food policy, and what are the implications for sustainability debates? | C10: Policy relevance of true cost accounting research and implications for sustainability debates | D10: reframed as RQ | E10: =_xlfn.TEXTJOIN("; ", TRUE, F10:L10) -> Economic models & financing; Policy & governance | F10: ='Topics & contexts'!A24 -> Economic models & financing | G10: ='Topics & contexts'!A25 -> Policy & governance | O10: ELC | P10: oli@ecologicalland.coop
A11: =A10+1 -> 9 | B11: What are the social impacts and benefits of agroecological farming systems, and how are these linked to current policy agendas? | C11: Research documenting and analysing the social impacts and benefits of agroecology, including relevance to 'green recovery' policies. | D11: reframed as RQ, updated to remove green recovery as mostly a covid-19 term | E11: =_xlfn.TEXTJOIN("; ", TRUE, F11:L11) -> Social & community impacts; Policy & governance | F11: ='Topics & contexts'!A18 -> Social & community impacts | G11: ='Topics & contexts'!A25 -> Policy & governance | O11: LWA | P11: campaigns and policy
A12: =A11+1 -> 10 | B12: How does peri-urban agriculture contribute to social value, particularly in relation to diet, physical health, and mental wellbeing? | C12: Understanding and analysing the social value of peri-urban agriculture, including impacts on diet, physical and mental health from volunteering. | D12: reframed as RQ | E12: =_xlfn.TEXTJOIN("; ", TRUE, F12:L12) -> Social & community impacts | F12: ='Topics & contexts'!A18 -> Social & community impacts | O12: LWA | P12: campaigns and policy
A13: =A12+1 -> 11 | B13: What different models of land tenure exist globally and/or in specific region? How do they vary across urban, peri-urban, and rural contexts? | C13: What different models of land tenure exist? How do they vary across urban, peri-urban, and rural contexts? Role of policy in access barriers. | D13: split into 2 | E13: =_xlfn.TEXTJOIN("; ", TRUE, F13:L13) -> Land access & new entrants; Land justice | F13: ='Topics & contexts'!A22 -> Land access & new entrants | H13: ='Topics & contexts'!A16 -> Land justice | O13: LWA | P13: campaigns and policy
A14: =A13+1 -> 12 | B14: What barriers exist to accessing land under different tenure models? What policies exacerbate or mitigate barriers to equitable land access? | C14: What different models of land tenure exist? How do they vary across urban, peri-urban, and rural contexts? Role of policy in access barriers. | D14: split into 2 | E14: =_xlfn.TEXTJOIN("; ", TRUE, F14:L14) -> Land access & new entrants; Policy & governance; Systemic change; Land justice | F14: ='Topics & contexts'!A22 -> Land access & new entrants | G14: ='Topics & contexts'!A25 -> Policy & governance | H14: ='Topics & contexts'!A28 -> Systemic change | I14: ='Topics & contexts'!A16 -> Land justice | O14: LWA | P14: campaigns and policy
A15: =A14+1 -> 13 | B15: How do perceptions of farming shape the uptake of agroecological practices among new and prospective farmers? | C15: Understanding perceptions of farming and uptake of agroecological practices; what attracts people to farming careers and informs policy/programmes for new entrants. | D15: split into 2 and reframed as RQ | E15: =_xlfn.TEXTJOIN("; ", TRUE, F15:L15) -> Culture, heritage & traditional knowledge; Education, training & knowledge exchange | F15: ='Topics & contexts'!A19 -> Culture, heritage & traditional knowledge | G15: ='Topics & contexts'!A20 -> Education, training & knowledge exchange | O15: LWA | P15: campaigns and policy
A16: =A15+1 -> 14 | B16: What factors attract people to farming careers, and how can these insights inform policies and programmes for new entrants? | C16: Understanding perceptions of farming and uptake of agroecological practices; what attracts people to farming careers and informs policy/programmes for new entrants. | D16: split into 2 and reframed as RQ | E16: =_xlfn.TEXTJOIN("; ", TRUE, F16:L16) -> Land access & new entrants; Policy & governance; Education, training & knowledge exchange; Labour & workers rights | F16: ='Topics & contexts'!A22 -> Land access & new entrants | G16: ='Topics & contexts'!A25 -> Policy & governance | H16: ='Topics & contexts'!A20 -> Education, training & knowledge exchange | I16: ='Topics & contexts'!$A$17 -> Labour & workers rights | O16: LWA | P16: campaigns and policy
A17: =A16+1 -> 15 | B17: What are the benefits of supporting young people in land-based careers? | C17: Demonstrating benefits of supporting young people in land-based careers | D17: reframed as RQ | E17: =_xlfn.TEXTJOIN("; ", TRUE, F17:L17) -> Land access & new entrants; Education, training & knowledge exchange; Systemic change; Labour & workers rights | F17: ='Topics & contexts'!A22 -> Land access & new entrants | G17: ='Topics & contexts'!A20 -> Education, training & knowledge exchange | H17: ='Topics & contexts'!A28 -> Systemic change | I17: ='Topics & contexts'!$A$17 -> Labour & workers rights | O17: ELC | P17: oli@ecologicalland.coop
A18: =A17+1 -> 16 | B18: How do training, support systems, and farm-based opportunities influence recruitment, retention, and career progression for new entrants in agroecological farming? | E18: =_xlfn.TEXTJOIN("; ", TRUE, F18:L18) -> Land access & new entrants; Education, training & knowledge exchange; Labour & workers rights | F18: ='Topics & contexts'!A22 -> Land access & new entrants | G18: ='Topics & contexts'!A20 -> Education, training & knowledge exchange | H18: ='Topics & contexts'!$A$17 -> Labour & workers rights | O18: ELC | P18: oli@ecologicalland.coop
A19: =A18+1 -> 17 | B19: What does a just transition mean/look like for conventional farmers? | E19: =_xlfn.TEXTJOIN("; ", TRUE, F19:L19) -> Systemic change; Food sovereignty & justice; GHGs & climate mitigation | F19: ='Topics & contexts'!A28 -> Systemic change | G19: ='Topics & contexts'!A15 -> Food sovereignty & justice | H19: ='Topics & contexts'!A14 -> GHGs & climate mitigation | O19: LWA | P19: Scotland
A20: =A19+1 -> 18 | B20: What are the social, economic, and environmental benefits of decentralised food and farming supply chains, and how can these be measured? | C20: Data and analysis investigating the social, economic, and environmental benefits of decentralised supply chains. | D20: reframed as RQ | E20: =_xlfn.TEXTJOIN("; ", TRUE, F20:L20) -> GHGs & climate mitigation; Social & community impacts; Systemic change; Economic status, jobs & livelihoods | G20: ='Topics & contexts'!A14 -> GHGs & climate mitigation | H20: ='Topics & contexts'!A18 -> Social & community impacts | I20: ='Topics & contexts'!A28 -> Systemic change | J20: ='Topics & contexts'!A23 -> Economic status, jobs & livelihoods | O20: LWA | P20: Tony Little
A21: =A20+1 -> 19 | B21: What is the potential for public procurement to support agroecological and sustainable farming within current political, social, and ecological contexts? | C21: Understanding the potential for public procurement within current political, social, and ecological contexts (Brexit, COVID-19, climate change). | D21: reframed as RQ | E21: =_xlfn.TEXTJOIN("; ", TRUE, F21:L21) -> Policy & governance | F21: ='Topics & contexts'!A25 -> Policy & governance | M21: E.g., climate change, or any pressing changes (past examples include Brexit, COVID-19 pandemic etc) | O21: LWA | P21: Wales
A22: =A21+1 -> 20 | B22: How do agroecological practitioners perceive new farming technologies? | C22: Understanding how agroecological practitioners view technology | D22: reframed as RQ | E22: =_xlfn.TEXTJOIN("; ", TRUE, F22:L22) -> Tools, tech & appropriate innovation; Culture, heritage & traditional knowledge | F22: ='Topics & contexts'!A6 -> Tools, tech & appropriate innovation | H22: ='Topics & contexts'!A19 -> Culture, heritage & traditional knowledge | O22: LWA | P22: Scotland
A23: =A22+1 -> 21 | B23: How do existing regulatory frameworks shape the development and adoption of appropriate technologies for agroecology? | C23: Analysis of regulatory frameworks for appropriate technology development. | D23: reframed as RQ | E23: =_xlfn.TEXTJOIN("; ", TRUE, F23:L23) -> Tools, tech & appropriate innovation; Policy & governance | F23: ='Topics & contexts'!A6 -> Tools, tech & appropriate innovation | G23: ='Topics & contexts'!A25 -> Policy & governance | O23: LWA | P23: Scotland
A24: =A23+1 -> 22 | B24: In what ways can agroecology deliver public goods? | C24: How agroecology can meet the 'public goods' remit (e.g., Ecological Land Management Scheme). | D24: reframed as RQ | E24: =_xlfn.TEXTJOIN("; ", TRUE, F24:L24) -> Policy & governance; Ecology & biodiversity; GHGs & climate mitigation; Social & community impacts; Economic status, jobs & livelihoods; Soil health | F24: ='Topics & contexts'!A25 -> Policy & governance | G24: ='Topics & contexts'!A9 -> Ecology & biodiversity | H24: ='Topics & contexts'!A14 -> GHGs & climate mitigation | I24: ='Topics & contexts'!A18 -> Social & community impacts | J24: ='Topics & contexts'!A23 -> Economic status, jobs & livelihoods | L24: ='Topics & contexts'!A10 -> Soil health | M24: Could look at how this aligns with e.g., ELMs schemes | O24: LWA | P24: campaigns and policy
A25: =A24+1 -> 23 | B25: How have agricultural subsidies been designed and implemented in small nations, and what lessons are relevant for the Welsh context? | C25: Examples of how agricultural subsidies have been developed and enacted in different countries, focusing on small nations relevant to Welsh context. | D25: reframed as RQ | E25: =_xlfn.TEXTJOIN("; ", TRUE, F25:L25) -> Economic models & financing; Policy & governance | F25: ='Topics & contexts'!A24 -> Economic models & financing | G25: ='Topics & contexts'!A25 -> Policy & governance | O25: LWA | P25: Holly T
A26: =A25+1 -> 24 | B26: What do current patterns of land ownership in Wales reveal, and how can these data inform political dialogue and policy on land access? | C26: Data and statistics on current land ownership for political dialogues around land access in Wales. | D26: reframed as RQ | E26: =_xlfn.TEXTJOIN("; ", TRUE, F26:L26) -> Land access & new entrants; Policy & governance; Land justice | F26: ='Topics & contexts'!A22 -> Land access & new entrants | G26: ='Topics & contexts'!A25 -> Policy & governance | H26: ='Topics & contexts'!A16 -> Land justice | O26: LWA | P26: Holly T
A27: =A26+1 -> 25 | B27: How do current policies and programs affect the horticultural sector? What examples are there from elsewhere that could be implemented here to support horticultural development? | E27: =_xlfn.TEXTJOIN("; ", TRUE, F27:L27) -> Policy & governance; Economic models & financing | F27: ='Topics & contexts'!A25 -> Policy & governance | G27: ='Topics & contexts'!A24 -> Economic models & financing | O27: LWA | P27: Holly T
A28: =A27+1 -> 26 | B28: What legal powers does Wales have as a devolved nation? How can these support farmers if standards are reduced in trade deals? | E28: =_xlfn.TEXTJOIN("; ", TRUE, F28:L28) -> Policy & governance; Economic models & financing | F28: ='Topics & contexts'!A25 -> Policy & governance | G28: ='Topics & contexts'!A24 -> Economic models & financing | O28: LWA | P28: Holly T
A29: =A28+1 -> 27 | B29: For sites that have recently converted, or are transitioning, to agroecological practices, how do different metrics compare (e.g., inputs, outputs, economics, biodiversity)? | C29: Comparison modelling on sites that used conventional/industrial agricultural practices and are now using/transitioning to agroecologcal practices. Gathering data on various aspects - inputs/outputs/biodiversity etc. | D29: reframed as RQ | E29: =_xlfn.TEXTJOIN("; ", TRUE, F29:L29) -> Economic status, jobs & livelihoods; Ecology & biodiversity; Soil health; Resource management & circularity; GHGs & climate mitigation; Social & community impacts | G29: ='Topics & contexts'!A23 -> Economic status, jobs & livelihoods | H29: ='Topics & contexts'!A9 -> Ecology & biodiversity | I29: ='Topics & contexts'!A10 -> Soil health | J29: ='Topics & contexts'!A13 -> Resource management & circularity | K29: ='Topics & contexts'!A14 -> GHGs & climate mitigation | L29: ='Topics & contexts'!A18 -> Social & community impacts | O29: ELC | P29: oli@ecologicalland.coop
A30: =A29+1 -> 28 | B30: What are the current economic condition of ecological/sustainable farmers, growers, and foresters? How do these perform against UK agricultural standards? | C30: Data on the current conditions and dynamics of ecological/sustainable farmers, growers and foresters: - acreage (how much land is managed through agroecological practices in the UK?) - productivity - economic turnover - income per hectare - labour etc. - buisness system (e.g. box scheme, wholesale etc.) How do these perform against UK agricultural standards? | D30: reframed as RQ | E30: =_xlfn.TEXTJOIN("; ", TRUE, F30:L30) -> Economic status, jobs & livelihoods | F30: ='Topics & contexts'!A23 -> Economic status, jobs & livelihoods | M30: This could include acreage, productivity, economic turnover, income per hectare, labour, and business system. | O30: ELC, CSA, OGA, LWA | P30: oli@ecologicalland.coop csanetworkfunding@gmail.com
A31: =A30+1 -> 29 | B31: What are the social, economic, and environmental benefits of new models of land access for small farming and forestry enterprises, e.g., Ecological Land Cooperative? | C31: For new models of land access, e.g. Ecological Land Cooperative, there is a need to have up to date documentation on the social, economic and environmental beneftis of small farming and forestry enterprises. This is then used in acquiring sites and dealing with local council and planning authorities. | D31: reframed as RQ | E31: =_xlfn.TEXTJOIN("; ", TRUE, F31:L31) -> Land access & new entrants; Economic status, jobs & livelihoods; Ecology & biodiversity; Soil health; GHGs & climate mitigation; Social & community impacts | F31: ='Topics & contexts'!A22 -> Land access & new entrants | G31: ='Topics & contexts'!$A$23 -> Economic status, jobs & livelihoods | H31: ='Topics & contexts'!$A$9 -> Ecology & biodiversity | I31: ='Topics & contexts'!$A$10 -> Soil health | K31: ='Topics & contexts'!$A$14 -> GHGs & climate mitigation | L31: ='Topics & contexts'!$A$18 -> Social & community impacts | O31: ELC | P31: oli@ecologicalland.coop
A32: =A31+1 -> 30 | B32: How do different cultivation practices affect carbon sequestration and emissions? | C32: Comparative data and modelling on how different cultivation practices affect carbon sequestration and minimise emissions. | D32: reframed as RQ | E32: =_xlfn.TEXTJOIN("; ", TRUE, F32:L32) -> Agroecological practices & alternatives to conventional; GHGs & climate mitigation | F32: ='Topics & contexts'!A3 -> Agroecological practices & alternatives to conventional | G32: ='Topics & contexts'!A14 -> GHGs & climate mitigation | O32: LWA | P32: campaigns and policy
A33: =A32+1 -> 31 | B33: How much seed is imported, from where, and what are the labour and environmental conditions of seed production enterprises? | C33: Statistics and data needed on: - how much seed is imported? - where are seeds importeded from? - what are the labour conditions of seed production enterprises? - what are the environmental practices of seed production enterprises? | D33: made concise | E33: =_xlfn.TEXTJOIN("; ", TRUE, F33:L33) -> Agroecological practices & alternatives to conventional; Economic status, jobs & livelihoods; GHGs & climate mitigation | F33: ='Topics & contexts'!A3 -> Agroecological practices & alternatives to conventional | G33: ='Topics & contexts'!A23 -> Economic status, jobs & livelihoods | H33: ='Topics & contexts'!A14 -> GHGs & climate mitigation | O33: LWA
A34: =A33+1 -> 32 | B34: What case examples exist where large farms have divided land into smaller agroecological farms, and what models or agreements have worked? | C34: Case examples where large farms have put over land (or divided it up) into smaller agroecological farms. Particularly interested in cases that have been longer in duration. Seeing what models/agreements have worked and what the benefits are (social, economic, enviro). | D34: reframed as RQ | E34: =_xlfn.TEXTJOIN("; ", TRUE, F34:L34) -> Land access & new entrants; Economic models & financing; Land justice | F34: ='Topics & contexts'!A22 -> Land access & new entrants | G34: ='Topics & contexts'!A24 -> Economic models & financing | H34: ='Topics & contexts'!A16 -> Land justice | O34: ELC | P34: oli@ecologicalland.coop
A35: =A34+1 -> 33 | B35: How could woodlands fit into a region to create a mosaic/diverse landscape, and what would the social, ecological, and economic impacts be? | C35: Taking a 'region' (e.g. bioregion, watershed, county council area) and modelling how woodlands could fit into the area to create a mosaic/diverse landscape? From this, understanding what the social, ecological and economic impacts/ benefits would be. | D35: made concise | E35: =_xlfn.TEXTJOIN("; ", TRUE, F35:L35) -> Economic status, jobs & livelihoods; Ecology & biodiversity; Soil health; Resource management & circularity; GHGs & climate mitigation; Social & community impacts | F35: ='Topics & contexts'!$A$23 -> Economic status, jobs & livelihoods | G35: ='Topics & contexts'!$A$9 -> Ecology & biodiversity | H35: ='Topics & contexts'!$A$10 -> Soil health | I35: ='Topics & contexts'!$A$13 -> Resource management & circularity | J35: ='Topics & contexts'!$A$14 -> GHGs & climate mitigation | K35: ='Topics & contexts'!$A$18 -> Social & community impacts | M35: Region could be a bioregion, watershed, county council area etc | O35: LWA | P35: Woodland (Oli R and Olly C)
A36: =A35+1 -> 34 | B36: How effective is current organic certification, and what restrictions or barriers exist? | C36: Better analysis and understanding of current organic certification and if it is fit for purpose. Is the way we currently certify things the best way? What are the restrictions to certification? Why are some people choosing not to certify or not go for organic conversion? | D36: reframed as RQ | E36: =_xlfn.TEXTJOIN("; ", TRUE, F36:L36) -> Certification & standards; Economic models & financing | F36: ='Topics & contexts'!A8 -> Certification & standards | G36: ='Topics & contexts'!A24 -> Economic models & financing | O36: OGA
A37: =A36+1 -> 35 | B37: What is the nutritional density of food produced through agroecological practices compared with conventionally produced food? | C37: Documenting and understanding the nuritional density of food produced through agroecological practices (comparative monitoring with conventionally/industrially produced food). | D37: reframed as RQ | E37: =_xlfn.TEXTJOIN("; ", TRUE, F37:L37) -> Social & community impacts; Quality of produce | F37: ='Topics & contexts'!A18 -> Social & community impacts | G37: ='Topics & contexts'!$A$5 -> Quality of produce | O37: CSA | P37: csanetworkfunding@gmail.com
A38: =A37+1 -> 36 | B38: How productive are no-till systems? How does productivity correlate with e.g., soil health, biodiversity, carbon sequestration? | C38: Creating data sets that can monitor the productivity and efficiency of no-till systems, that also take into consideration soil health, biodiversity, carbon sequestration etc. | D38: reframed as RQ | E38: =_xlfn.TEXTJOIN("; ", TRUE, F38:L38) -> Soil health; Ecology & biodiversity; GHGs & climate mitigation; Agroecological practices & alternatives to conventional; Yield | F38: ='Topics & contexts'!A10 -> Soil health | G38: ='Topics & contexts'!A9 -> Ecology & biodiversity | H38: ='Topics & contexts'!A14 -> GHGs & climate mitigation | I38: ='Topics & contexts'!A3 -> Agroecological practices & alternatives to conventional | J38: ='Topics & contexts'!$A$4 -> Yield | O38: CSA | P38: csanetworkfunding@gmail.com
A39: =A38+1 -> 37 | B39: What soil ecology shifts occur when land transitions from industrial to agroecological management across diverse landscapes, looking at both uplands and lowlands? | C39: Data that captures ecological shift from industrial land management to agroecological land management. More overview of diverse landscapes - studying both the uplands and lowlands. Stats gathered on monitoring soil changes over time, capturing data on carbon, organic matter, worms, microlife etc. | D39: reframed as RQ, split into 2 | E39: =_xlfn.TEXTJOIN("; ", TRUE, F39:L39) -> Ecology & biodiversity; Soil health | F39: ='Topics & contexts'!$A$9 -> Ecology & biodiversity | G39: ='Topics & contexts'!$A$10 -> Soil health | M39: carbon, organic matter, worms, microlife etc | O39: ELC
A40: =A39+1 -> 38 | B40: Which types of mulch are most effective for improving soil properties while maintaining nutrient balance? Which is the best way to manage mulch? | C40: Deep mulch systems: Exploring management practices for mulching. How mulching can benefit soil without overfertilising it. | D40: reframed as RQ, split into 2 | E40: =_xlfn.TEXTJOIN("; ", TRUE, F40:L40) -> Agroecological practices & alternatives to conventional; Soil health; Ecology & biodiversity | F40: ='Topics & contexts'!$A$3 -> Agroecological practices & alternatives to conventional | G40: ='Topics & contexts'!$A$10 -> Soil health | I40: ='Topics & contexts'!$A$9 -> Ecology & biodiversity | O40: CSA | P40: csanetworkfunding@gmail.com
A41: =A40+1 -> 39 | B41: How can covered cropping be developed so that it's carbon footprint is reduced? e.g. developing passive heating systems etc. | C41: Covered cropping: Covered cropping will be a necessity in increasing horticultural production in the UK, however, this needs to be done in line with net-zero targets. How can covered cropping be developped so that it's carbon footprint is reduced? e.g. developing passive heating systems etc. | D41: reduced | E41: =_xlfn.TEXTJOIN("; ", TRUE, F41:L41) -> Agroecological practices & alternatives to conventional; GHGs & climate mitigation; Tools, tech & appropriate innovation | F41: ='Topics & contexts'!$A$3 -> Agroecological practices & alternatives to conventional | G41: ='Topics & contexts'!$A$14 -> GHGs & climate mitigation | H41: ='Topics & contexts'!$A$6 -> Tools, tech & appropriate innovation | M41: Covered cropping will be a necessity in increasing horticultural production in the UK, however, this needs to be done in line with net-zero targets. | O41: ELC | P41: oli@ecologicalland.coop
A42: =A41+1 -> 40 | B42: How can horticultural seed breeding programs develop varieties adapted to future climate variability? | C42: Seed varities, breeding and climate change: Breeding varities that are suitable for climatically inconsistent conditions. | D42: reframed as RQ | E42: =_xlfn.TEXTJOIN("; ", TRUE, F42:L42) -> Agroecological practices & alternatives to conventional; GHGs & climate mitigation; Tools, tech & appropriate innovation; Resilience to shocks (incl. climate change) | F42: ='Topics & contexts'!$A$3 -> Agroecological practices & alternatives to conventional | G42: ='Topics & contexts'!$A$14 -> GHGs & climate mitigation | H42: ='Topics & contexts'!$A$6 -> Tools, tech & appropriate innovation | I42: ='Topics & contexts'!A7 -> Resilience to shocks (incl. climate change) | O42: CSA, LWA | P42: csanetworkfunding@gmail.com
A43: =A42+1 -> 41 | B43: How can intercropping systems be optimised to enhance pest management in horticulture? | C43: Integrated Pest Management and Intercropping: | D43: reframed as RQ, split into 2 | E43: =_xlfn.TEXTJOIN("; ", TRUE, F43:L43) -> Agroecological practices & alternatives to conventional; Ecology & biodiversity; Soil health; Resource management & circularity; Yield | F43: ='Topics & contexts'!$A$3 -> Agroecological practices & alternatives to conventional | G43: ='Topics & contexts'!$A$9 -> Ecology & biodiversity | H43: ='Topics & contexts'!$A$10 -> Soil health | J43: Resource management & circularity | K43: ='Topics & contexts'!$A$4 -> Yield | O43: LWA | P43: Campaigns & policy - jyoti.fernandes@landworkersalliance.org.uk
A44: =A43+1 -> 42 | B44: What integrated pest management practices can reduce reliance on chemical inputs in horticultural production? | C44: Integrated Pest Management and Intercropping: | D44: reframed as RQ, split into 2 | E44: =_xlfn.TEXTJOIN("; ", TRUE, F44:L44) -> Agroecological practices & alternatives to conventional; Resource management & circularity; Soil health; GHGs & climate mitigation | F44: ='Topics & contexts'!$A$3 -> Agroecological practices & alternatives to conventional | G44: ='Topics & contexts'!$A$13 -> Resource management & circularity | H44: ='Topics & contexts'!$A$10 -> Soil health | I44: ='Topics & contexts'!$A$14 -> GHGs & climate mitigation | O44: LWA | P44: Campaigns & policy - jyoti.fernandes@landworkersalliance.org.uk
A45: =A44+1 -> 43 | B45: Whare are the benefits and disbenefits of different leys and green manures? For e.g., soil fertility, pest management, economics, social value? | C45: Leys and green manures: | D45: reframed as RQ | E45: =_xlfn.TEXTJOIN("; ", TRUE, F45:L45) -> Agroecological practices & alternatives to conventional; Soil health; Ecology & biodiversity; Social & community impacts; Economic status, jobs & livelihoods; Yield | F45: ='Topics & contexts'!$A$3 -> Agroecological practices & alternatives to conventional | G45: ='Topics & contexts'!$A$10 -> Soil health | H45: ='Topics & contexts'!$A$9 -> Ecology & biodiversity | I45: ='Topics & contexts'!$A$18 -> Social & community impacts | J45: ='Topics & contexts'!$A$23 -> Economic status, jobs & livelihoods | K45: ='Topics & contexts'!$A$4 -> Yield | O45: LWA | P45: Campaigns & policy - jyoti.fernandes@landworkersalliance.org.uk
A46: =A45+1 -> 44 | B46: How can we effectively produce organic sugar beet? What can we do to optimise this process? | C46: Organic Sugar Beet Production: | D46: reframed as RQ | E46: =_xlfn.TEXTJOIN("; ", TRUE, F46:L46) -> Agroecological practices & alternatives to conventional; Tools, tech & appropriate innovation; Yield | F46: ='Topics & contexts'!$A$3 -> Agroecological practices & alternatives to conventional | G46: ='Topics & contexts'!$A$6 -> Tools, tech & appropriate innovation | I46: ='Topics & contexts'!$A$4 -> Yield | O46: LWA | P46: Campaigns & policy - jyoti.fernandes@landworkersalliance.org.uk
A47: =A46+1 -> 45 | B47: What are the current alternatives to copper fungicides for managing potato blight in organic systems? | C47: Copper use for potato blight: Emergency authorisation has been granted in previous years to use copper fungicide in organic systems. This is an area of contention among growers and farmers. Is there research into other methods/practices of blight management? | D47: reframed as RQ, split into 2 | E47: =_xlfn.TEXTJOIN("; ", TRUE, F47:L47) -> Agroecological practices & alternatives to conventional; Yield; Tools, tech & appropriate innovation | F47: ='Topics & contexts'!$A$3 -> Agroecological practices & alternatives to conventional | G47: ='Topics & contexts'!$A$4 -> Yield | H47: ='Topics & contexts'!$A$6 -> Tools, tech & appropriate innovation | M47: Emergency authorisation has been granted in previous years to use copper fungicide in organic systems. This is an area of contention among growers and farmers. | O47: OGA
A48: =A47+1 -> 46 | B48: If alternatives to copper fungicides exist, how can this be embedded into organic standards, certification and practice? | C48: Copper use for potato blight: Emergency authorisation has been granted in previous years to use copper fungicide in organic systems. This is an area of contention among growers and farmers. Is there research into other methods/practices of blight management? | D48: reframed as RQ, split into 2 | E48: =_xlfn.TEXTJOIN("; ", TRUE, F48:L48) -> Agroecological practices & alternatives to conventional; Certification & standards | F48: ='Topics & contexts'!$A$3 -> Agroecological practices & alternatives to conventional | G48: ='Topics & contexts'!A8 -> Certification & standards | M48: Emergency authorisation has been granted in previous years to use copper fungicide in organic systems. This is an area of contention among growers and farmers. | O48: OGA
A49: =A48+1 -> 47 | B49: What non-tillage practices can effectively control weeds in organic and low-input systems? What are the wider environmental and economic impacts? | C49: Alternatives to tillage and alternative weed control systems: | D49: reframed as RQ | E49: =_xlfn.TEXTJOIN("; ", TRUE, F49:L49) -> Agroecological practices & alternatives to conventional; Soil health; Ecology & biodiversity; Social & community impacts; Economic status, jobs & livelihoods; Resource management & circularity | F49: ='Topics & contexts'!$A$3 -> Agroecological practices & alternatives to conventional | G49: ='Topics & contexts'!$A$10 -> Soil health | H49: ='Topics & contexts'!$A$9 -> Ecology & biodiversity | I49: ='Topics & contexts'!$A$18 -> Social & community impacts | J49: ='Topics & contexts'!$A$23 -> Economic status, jobs & livelihoods | K49: ='Topics & contexts'!$A$13 -> Resource management & circularity | O49: LWA | P49: Campaigns & policy - jyoti.fernandes@landworkersalliance.org.uk
A50: =A49+1 -> 48 | B50: How can pure beef production systems transition to beef-dairy production systems with beef from surplus calves? What are the potential benefits and disbenefits? | C50: Transitioning pure beef production to low-input dairy production with default beef from calves: | D50: reframed as RQ | E50: =_xlfn.TEXTJOIN("; ", TRUE, F50:L50) -> Agroecological practices & alternatives to conventional; Animal welfare; Social & community impacts; Economic status, jobs & livelihoods; Resource management & circularity | F50: ='Topics & contexts'!$A$3 -> Agroecological practices & alternatives to conventional | G50: ='Topics & contexts'!A12 -> Animal welfare | H50: ='Topics & contexts'!$A$18 -> Social & community impacts | I50: ='Topics & contexts'!$A$23 -> Economic status, jobs & livelihoods | J50: ='Topics & contexts'!$A$13 -> Resource management & circularity | O50: LWA | P50: Campaigns & policy - jyoti.fernandes@landworkersalliance.org.uk
A51: =A50+1 -> 49 | B51: What are the nutritional, environmental, and health implications of using food waste in pig, poultry or other non-ruminant diets? | C51: Using waste food for rearing non-ruminants: | D51: reframed as RQ | E51: =_xlfn.TEXTJOIN("; ", TRUE, F51:L51) -> Agroecological practices & alternatives to conventional; GHGs & climate mitigation; Economic status, jobs & livelihoods; Resource management & circularity; Animal welfare | F51: ='Topics & contexts'!$A$3 -> Agroecological practices & alternatives to conventional | G51: ='Topics & contexts'!$A$14 -> GHGs & climate mitigation | H51: ='Topics & contexts'!$A$23 -> Economic status, jobs & livelihoods | I51: ='Topics & contexts'!$A$13 -> Resource management & circularity | J51: ='Topics & contexts'!A12 -> Animal welfare | O51: LWA | P51: Campaigns & policy - jyoti.fernandes@landworkersalliance.org.uk
A52: =A51+1 -> 50 | B52: How effective is lucerne as a protein source for livestock? What are the benefits and disbenefits? | C52: Lucerne as a protein alternative: | D52: reframed as RQ | E52: =_xlfn.TEXTJOIN("; ", TRUE, F52:L52) -> Agroecological practices & alternatives to conventional; Resource management & circularity; Animal welfare; Quality of produce | F52: ='Topics & contexts'!$A$3 -> Agroecological practices & alternatives to conventional | G52: ='Topics & contexts'!$A$13 -> Resource management & circularity | H52: ='Topics & contexts'!A12 -> Animal welfare | I52: ='Topics & contexts'!A5 -> Quality of produce | O52: LWA | P52: Campaigns & policy - jyoti.fernandes@landworkersalliance.org.uk
A53: =A52+1 -> 51 | B53: Which arable and pulse crop varieties are best suited to agroecological arable systems? | C53: Breeding arable and pulses: | D53: split into 2 | E53: =_xlfn.TEXTJOIN("; ", TRUE, F53:L53) -> Agroecological practices & alternatives to conventional; Soil health; Social & community impacts; Economic status, jobs & livelihoods | F53: ='Topics & contexts'!$A$3 -> Agroecological practices & alternatives to conventional | G53: ='Topics & contexts'!$A$10 -> Soil health | H53: ='Topics & contexts'!$A$18 -> Social & community impacts | I53: ='Topics & contexts'!$A$23 -> Economic status, jobs & livelihoods | O53: LWA | P53: Campaigns & policy - jyoti.fernandes@landworkersalliance.org.uk
A54: =A53+1 -> 52 | B54: How can breeding programs develop varieties suitable for agroecological practices? | C54: Breeding arable and pulses: | D54: split into 2 | E54: =_xlfn.TEXTJOIN("; ", TRUE, F54:L54) -> Agroecological practices & alternatives to conventional; Tools, tech & appropriate innovation | F54: ='Topics & contexts'!$A$3 -> Agroecological practices & alternatives to conventional | G54: ='Topics & contexts'!$A$6 -> Tools, tech & appropriate innovation | O54: LWA | P54: Campaigns & policy - jyoti.fernandes@landworkersalliance.org.uk
A55: =A54+1 -> 53 | B55: How can legume cropping systems be optimised for various outcomes (economic, soil health, crop productivity & health, societal nutrition etc)? | C55: Optimising legume management: | D55: reframed as RQ | E55: =_xlfn.TEXTJOIN("; ", TRUE, F55:L55) -> Agroecological practices & alternatives to conventional; Soil health; Ecology & biodiversity; Social & community impacts; Economic status, jobs & livelihoods; Resource management & circularity; GHGs & climate mitigation | F55: ='Topics & contexts'!$A$3 -> Agroecological practices & alternatives to conventional | G55: ='Topics & contexts'!$A$10 -> Soil health | H55: ='Topics & contexts'!$A$9 -> Ecology & biodiversity | I55: ='Topics & contexts'!$A$18 -> Social & community impacts | J55: ='Topics & contexts'!$A$23 -> Economic status, jobs & livelihoods | K55: ='Topics & contexts'!$A$13 -> Resource management & circularity | L55: ='Topics & contexts'!$A$14 -> GHGs & climate mitigation | O55: LWA | P55: Campaigns & policy - jyoti.fernandes@landworkersalliance.org.uk
A56: =A55+1 -> 54 | B56: How can intercropping systems be optimised to enhance pest management in arable farming? | C56: Intengrated Pest Management and Intercropping: | D56: reframed as RQ; split into 2 | E56: =_xlfn.TEXTJOIN("; ", TRUE, F56:L56) -> Agroecological practices & alternatives to conventional; Ecology & biodiversity; Soil health; Economic status, jobs & livelihoods; Resource management & circularity | F56: ='Topics & contexts'!$A$3 -> Agroecological practices & alternatives to conventional | G56: ='Topics & contexts'!$A$9 -> Ecology & biodiversity | H56: ='Topics & contexts'!$A$10 -> Soil health | I56: ='Topics & contexts'!$A$23 -> Economic status, jobs & livelihoods | J56: ='Topics & contexts'!$A$13 -> Resource management & circularity
A57: =A56+1 -> 55 | B57: What integrated pest management practices can reduce reliance on chemical inputs in arable farming? | C57: Intengrated Pest Management and Intercropping: | D57: reframed as RQ; split into 2 | E57: =_xlfn.TEXTJOIN("; ", TRUE, F57:L57) -> Agroecological practices & alternatives to conventional; Resource management & circularity; Ecology & biodiversity; Soil health | F57: ='Topics & contexts'!$A$3 -> Agroecological practices & alternatives to conventional | G57: ='Topics & contexts'!$A$13 -> Resource management & circularity | H57: ='Topics & contexts'!$A$9 -> Ecology & biodiversity | I57: ='Topics & contexts'!$A$10 -> Soil health
A58: =A57+1 -> 56 | B58: Where has agroforestry been successful in the UK and similar EU climates, and what factors contributed to its success or failure? | C58: Agroforestry: Agroforestry case studies - where it has/n’t worked and why (maybe also from a larger EU context, but with similar climates to UK) Questions around where has it also started producing timber (not just concerned with fruit or shelter) | D58: reframed as RQ | E58: =_xlfn.TEXTJOIN("; ", TRUE, F58:L58) -> Scale up opportunities & barriers; Economic status, jobs & livelihoods; Ecology & biodiversity; Social & community impacts | F58: ='Topics & contexts'!A27 -> Scale up opportunities & barriers | G58: ='Topics & contexts'!$A$23 -> Economic status, jobs & livelihoods | I58: ='Topics & contexts'!$A$9 -> Ecology & biodiversity | J58: ='Topics & contexts'!$A$18 -> Social & community impacts | O58: LWA, CSA, OGA, ELC | P58: csanetworkfunding@gmail.com
A59: =A58+1 -> 57 | B59: What are the best practices for silvopastoral agroforestry systems? What are environmental benefits and disbenefits? | C59: Silvopastural agroforestry: | D59: reframed as RQ | E59: =_xlfn.TEXTJOIN("; ", TRUE, F59:L59) -> Agroecological practices & alternatives to conventional; Soil health; Ecology & biodiversity; Resource management & circularity; GHGs & climate mitigation | F59: ='Topics & contexts'!$A$3 -> Agroecological practices & alternatives to conventional | H59: ='Topics & contexts'!$A$10 -> Soil health | I59: ='Topics & contexts'!$A$9 -> Ecology & biodiversity | J59: ='Topics & contexts'!$A$13 -> Resource management & circularity | K59: ='Topics & contexts'!$A$14 -> GHGs & climate mitigation | O59: LWA | P59: Oli R and Olly C
A60: =A59+1 -> 58 | B60: What are the best practices for silvoarable agroforestry systems? What are environmental benefits and disbenefits? | C60: Silvoarable agroforestry: | D60: reframed as RQ | E60: =_xlfn.TEXTJOIN("; ", TRUE, F60:L60) -> Agroecological practices & alternatives to conventional; Soil health; Ecology & biodiversity; Resource management & circularity; GHGs & climate mitigation | F60: ='Topics & contexts'!$A$3 -> Agroecological practices & alternatives to conventional | H60: ='Topics & contexts'!$A$10 -> Soil health | I60: ='Topics & contexts'!$A$9 -> Ecology & biodiversity | J60: ='Topics & contexts'!$A$13 -> Resource management & circularity | K60: ='Topics & contexts'!$A$14 -> GHGs & climate mitigation | O60: LWA | P60: Scotland
A61: =A60+1 -> 59 | B61: How can soil carbon be accurately measured in complex agroecological systems? | C61: Carbon measuring in soil: Developing a carbon counter that is suitable for small/medium producers and the complexity of agroecological farming systems. | D61: split into 2 | E61: =_xlfn.TEXTJOIN("; ", TRUE, F61:L61) -> GHGs & climate mitigation; Tools, tech & appropriate innovation; Soil health | F61: ='Topics & contexts'!$A$14 -> GHGs & climate mitigation | G61: ='Topics & contexts'!$A$6 -> Tools, tech & appropriate innovation | H61: ='Topics & contexts'!$A$10 -> Soil health | O61: CSA
A62: =A61+1 -> 60 | B62: What methods can small- and medium-scale producers use to monitor and manage soil carbon? | C62: Carbon measuring in soil: Developing a carbon counter that is suitable for small/medium producers and the complexity of agroecological farming systems. | D62: split into 2 | E62: =_xlfn.TEXTJOIN("; ", TRUE, F62:L62) -> Tools, tech & appropriate innovation; Soil health | G62: ='Topics & contexts'!$A$6 -> Tools, tech & appropriate innovation | H62: ='Topics & contexts'!$A$10 -> Soil health | O62: LWA | P62: Campaigns & policy - jyoti.fernandes@landworkersalliance.org.uk
A63: =A62+1 -> 61 | B63: How can agroforestry systems affect nutrient use efficiency, reduce leaching and enhance soil fertility? | C63: Increasing nutrient use efficiency, reducing nutrient leaching, improving soil: | D63: reframed as RQ | E63: =_xlfn.TEXTJOIN("; ", TRUE, F63:L63) -> Agroecological practices & alternatives to conventional; Soil health; Resource management & circularity; Ecology & biodiversity | F63: ='Topics & contexts'!$A$3 -> Agroecological practices & alternatives to conventional | G63: ='Topics & contexts'!$A$10 -> Soil health | H63: ='Topics & contexts'!$A$13 -> Resource management & circularity | I63: ='Topics & contexts'!$A$9 -> Ecology & biodiversity
A64: =A63+1 -> 62 | B64: What alternatives exist to plastics (e.g., mypex, silage tarps) in organic production systems? How do these alternatives impact carbon emissions? | C64: Alternatives to use of plastics in organic production systems: Organic systems use plastics (e.g. mypex, silage tarps) for vaious purposes. What are the alternatives to using plastics in these systems so as to lower carbon emissions? | D64: reframed as RQ | E64: =_xlfn.TEXTJOIN("; ", TRUE, F64:L64) -> Agroecological practices & alternatives to conventional; Resource management & circularity; Soil health; GHGs & climate mitigation | F64: ='Topics & contexts'!$A$3 -> Agroecological practices & alternatives to conventional | G64: ='Topics & contexts'!$A$13 -> Resource management & circularity | H64: ='Topics & contexts'!$A$10 -> Soil health | I64: ='Topics & contexts'!$A$14 -> GHGs & climate mitigation | O64: OGA
A65: =A64+1 -> 63 | B65: How can we most effectively recycle nutrients from various organic wastes? | C65: Recycling nutrients from various organic wastes: | D65: reframed as RQ | E65: =_xlfn.TEXTJOIN("; ", TRUE, F65:L65) -> Agroecological practices & alternatives to conventional; Resource management & circularity; Soil health; Tools, tech & appropriate innovation | F65: ='Topics & contexts'!$A$3 -> Agroecological practices & alternatives to conventional | G65: ='Topics & contexts'!$A$13 -> Resource management & circularity | H65: ='Topics & contexts'!$A$10 -> Soil health | I65: ='Topics & contexts'!$A$6 -> Tools, tech & appropriate innovation | O65: LWA
A66: =A65+1 -> 64 | B66: What are the best composting methods and compost management practices to optimise food waste recycling? | C66: Composting methods and managment to recycle food waste: | D66: reframed as RQ | E66: =_xlfn.TEXTJOIN("; ", TRUE, F66:L66) -> Agroecological practices & alternatives to conventional; Resource management & circularity; Soil health; GHGs & climate mitigation; Tools, tech & appropriate innovation | F66: ='Topics & contexts'!$A$3 -> Agroecological practices & alternatives to conventional | G66: ='Topics & contexts'!$A$13 -> Resource management & circularity | H66: ='Topics & contexts'!$A$10 -> Soil health | I66: ='Topics & contexts'!$A$14 -> GHGs & climate mitigation | J66: ='Topics & contexts'!$A$6 -> Tools, tech & appropriate innovation | O66: LWA
A67: =A66+1 -> 65 | B67: How does biodiversity differ between managed and unmanaged woodlands in the UK? Which woodland management practices most effectively enhance biodiversity? | C67: Studies that capture data on biodiversity improvements between managed and unmanaged woodland. Enabling an understanding of what management practices that are beneficial to biodiversity. | D67: reframed as RQ | E67: =_xlfn.TEXTJOIN("; ", TRUE, F67:L67) -> Ecology & biodiversity; Agroecological practices & alternatives to conventional; Soil health | F67: ='Topics & contexts'!$A$9 -> Ecology & biodiversity | G67: ='Topics & contexts'!$A$3 -> Agroecological practices & alternatives to conventional | H67: ='Topics & contexts'!$A$10 -> Soil health | O67: LWA | P67: Woodland
A68: =A67+1 -> 66 | B68: What factors influence the successful granting of planning permission for forestry worker dwellings in the UK, and how do site characteristics, enterprise scale, and policy frameworks shape these outcomes? | C68: There is a current lack of data on planning and policy in relation to forestry/woodland enterprises and forestry residential buildings. It would be useful to have a record of successful planning planning applications for forestry workers dwellings that can help in answering questions such as: what is the smallest acreage to have received planning permission? What has/ has not worked in order to get planning permission? What can be learned from this? | D68: reframed as RQ | E68: =_xlfn.TEXTJOIN("; ", TRUE, F68:L68) -> Policy & governance; Scale up opportunities & barriers; Land justice | F68: ='Topics & contexts'!A25 -> Policy & governance | G68: ='Topics & contexts'!A27 -> Scale up opportunities & barriers | H68: ='Topics & contexts'!A16 -> Land justice | O68: LWA | P68: Woodland
A69: =A68+1 -> 67 | B69: What are the different potential economic opportunities from UK woodlands, e.g., timber, coppice products, charcoal, and fence posts? What are the benefits and disbenefits if these industries are developed? | C69: Research and data gathering on potential business from UK forests/woodlands e.g. fence posts, coppice garden products, timber products, charcoal etc. | D69: reframed as RQ | E69: =_xlfn.TEXTJOIN("; ", TRUE, F69:L69) -> Social & community impacts; Systemic change; Yield; Ecology & biodiversity; GHGs & climate mitigation | G69: ='Topics & contexts'!A18 -> Social & community impacts | H69: ='Topics & contexts'!A28 -> Systemic change | I69: ='Topics & contexts'!$A$4 -> Yield | J69: ='Topics & contexts'!$A$9 -> Ecology & biodiversity | K69: ='Topics & contexts'!$A$14 -> GHGs & climate mitigation | O69: LWA | P69: Woodland
A70: =A69+1 -> 68 | B70: How does carbon sequestration vary between different woodland types in the UK? What factors explain the disparities in carbon storage across woodland types? | C70: Carbon sequestration in relation to different woodland types. There appears to be huge disparities/differences between different woodland types. We are not currently aware of a good study that explains it well. | D70: reframed as RQ | E70: =_xlfn.TEXTJOIN("; ", TRUE, F70:L70) -> GHGs & climate mitigation | F70: ='Topics & contexts'!$A$14 -> GHGs & climate mitigation | M70: There appears to be huge disparities/differences between different woodland types. We are not currently aware of a good study that explains it well. | O70: LWA | P70: Woodland
A71: =A70+1 -> 69 | B71: What is the current capacity of UK tree nurseries in terms of current production and potential domestic output? What are we importing? | C71: Feasibility study about tree nursery production. What is the current UK production from nurseries? What is the current amount of imported trees? How many trees could the UK be growing? What are the organic production methods? | D71: split into 2 and reframed as RQ | E71: =_xlfn.TEXTJOIN("; ", TRUE, F71:L71) -> Scale up opportunities & barriers; Yield | F71: ='Topics & contexts'!A27 -> Scale up opportunities & barriers | G71: ='Topics & contexts'!$A$4 -> Yield | O71: LWA | P71: Woodland
A72: =A71+1 -> 70 | B72: What organic production methods are used in UK tree nurseries, and how feasible is scaling up these methods if we scale up domestic production? | C72: Feasibility study about tree nursery production. What is the current UK production from nurseries? What is the current amount of imported trees? How many trees could the UK be growing? What are the organic production methods? | D72: split into 2 and reframed as RQ | E72: =_xlfn.TEXTJOIN("; ", TRUE, F72:L72) -> Scale up opportunities & barriers; Certification & standards; Yield | F72: ='Topics & contexts'!$A$27 -> Scale up opportunities & barriers | G72: ='Topics & contexts'!$A$8 -> Certification & standards | H72: ='Topics & contexts'!$A$4 -> Yield | O72: LWA | P72: Woodland
A73: =A72+1 -> 71 | B73: Where are unmanaged/undermanaged woodlands in the UK? What is their state, why are they considered unviable for a woodland enterprise? | C73: Data needed on mapping the state of woodlands in the UK. Statistics currently in circulation seem to indicate that half of UK woodland is unmanaged/undermanaged because it’s financially unviable. We need further data on this (e.g. where are these woodlands? Why are they considered unviable for a woodland enterprise? etc.). | D73: reframed as RQ | E73: =_xlfn.TEXTJOIN("; ", TRUE, F73:L73) -> Scale up opportunities & barriers | F73: ='Topics & contexts'!$A$27 -> Scale up opportunities & barriers | M73: Statistics currently in circulation seem to indicate that half of UK woodland is unmanaged/undermanaged because it’s financially unviable. We need further data on this (e.g. where are these woodlands? Why are they considered unviable for a woodland enterprise? etc.). | O73: LWA | P73: Woodland
A74: =A73+1 -> 72 | B74: How can we create a sustainable textile industry, either regionally or at wider scale? | C74: Textiles and fabrics - creating sustainable textiles industry. Linking this to land-use and agroecology. See work currently happenign at Fibreshed - https://fibershed.org/affiliate/southeast-england-fibreshed/ | D74: split into 2 and reframed as RQ | E74: =_xlfn.TEXTJOIN("; ", TRUE, F74:L74) -> Systemic change; Scale up opportunities & barriers | F74: ='Topics & contexts'!$A$28 -> Systemic change | G74: ='Topics & contexts'!$A$27 -> Scale up opportunities & barriers | M74: See work currently happenign at Fibreshed - https://fibershed.org
A75: =A74+1 -> 73 | B75: What would the implications on land-use and agroecology be if we created a sustainable textile industry in the UK? How can this be balanced? | C75: Textiles and fabrics - creating sustainable textiles industry. Linking this to land-use and agroecology. See work currently happenign at Fibreshed - https://fibershed.org/affiliate/southeast-england-fibreshed/ | D75: split into 2 and reframed as RQ | E75: =_xlfn.TEXTJOIN("; ", TRUE, F75:L75) -> Systemic change; Scale up opportunities & barriers; Agroecological practices & alternatives to conventional | F75: ='Topics & contexts'!$A$28 -> Systemic change | G75: ='Topics & contexts'!$A$27 -> Scale up opportunities & barriers | H75: ='Topics & contexts'!A3 -> Agroecological practices & alternatives to conventional | M75: See work currently happenign at Fibreshed - https://fibershed.org
A76: =A75+1 -> 74 | B76: What are the gaps in forest garden research, particularly in understanding mature systems and how phases shift over time? | C76: n/a | D76: n/a | E76: =_xlfn.TEXTJOIN("; ", TRUE, F76:L76) -> Scale up opportunities & barriers; Research; Ecology & biodiversity | F76: ='Topics & contexts'!$A$27 -> Scale up opportunities & barriers | G76: ='Topics & contexts'!A21 -> Research | H76: ='Topics & contexts'!A9 -> Ecology & biodiversity | M76: PA has done 250 sites baseline survey participatory trial on polycultures, to be publsihed in Autumn | O76: PA
A77: =A76+1 -> 75 | B77: How can we make urban areas more resilient to food system shocks? | C77: n/a | D77: n/a | E77: =_xlfn.TEXTJOIN("; ", TRUE, F77:L77) -> Resilience to shocks (incl. climate change); Communication, advocacy & political engagement; Social & community impacts | G77: ='Topics & contexts'!$A$7 -> Resilience to shocks (incl. climate change) | H77: ='Topics & contexts'!$A$26 -> Communication, advocacy & political engagement | J77: ='Topics & contexts'!A18 -> Social & community impacts | M77: agroecological urbanism network | O77: PA
A78: =A77+1 -> 76 | B78: How can we make urban areas more productive? | C78: n/a | D78: n/a | E78: =_xlfn.TEXTJOIN("; ", TRUE, F78:L78) -> Agroecological practices & alternatives to conventional; Yield; Tools, tech & appropriate innovation; Systemic change; Scale up opportunities & barriers | F78: ='Topics & contexts'!$A$3 -> Agroecological practices & alternatives to conventional | G78: ='Topics & contexts'!$A$4 -> Yield | H78: ='Topics & contexts'!A6 -> Tools, tech & appropriate innovation | I78: ='Topics & contexts'!A28 -> Systemic change | J78: ='Topics & contexts'!A27 -> Scale up opportunities & barriers | M78: agroecological urbanism network | O78: PA
A79: =A78+1 -> 77 | B79: How can permaculture principles be brought into larger scale farming? | C79: n/a | D79: n/a | E79: =_xlfn.TEXTJOIN("; ", TRUE, F79:L79) -> Agroecological practices & alternatives to conventional; Systemic change; Scale up opportunities & barriers | F79: ='Topics & contexts'!$A$3 -> Agroecological practices & alternatives to conventional | G79: ='Topics & contexts'!$A$28 -> Systemic change | H79: ='Topics & contexts'!A27 -> Scale up opportunities & barriers | O79: PA
A80: =A79+1 -> 78 | B80: What are the landscape effects of regenerative and agroecological practices? | C80: n/a | D80: n/a | E80: =_xlfn.TEXTJOIN("; ", TRUE, F80:L80) -> Scale up opportunities & barriers; Ecology & biodiversity; Soil health; Yield | F80: ='Topics & contexts'!A27 -> Scale up opportunities & barriers | G80: ='Topics & contexts'!A9 -> Ecology & biodiversity | H80: ='Topics & contexts'!A10 -> Soil health | J80: ='Topics & contexts'!$A$4 -> Yield | O80: PA
A81: =A80+1 -> 79 | B81: How can more integrated farming systems be developed, particularly at smaller scales? | C81: n/a | D81: n/a | E81: =_xlfn.TEXTJOIN("; ", TRUE, F81:L81) -> Agroecological practices & alternatives to conventional; Systemic change; Scale up opportunities & barriers | F81: ='Topics & contexts'!$A$3 -> Agroecological practices & alternatives to conventional | G81: ='Topics & contexts'!$A$28 -> Systemic change | H81: ='Topics & contexts'!A27 -> Scale up opportunities & barriers | O81: PA
A82: =A81+1 -> 80 | B82: How can cycles of resources and energy be closed on farms? How is this currently being done, how could it be done, where are the gaps, and how could it be improved? | C82: n/a | D82: n/a | E82: =_xlfn.TEXTJOIN("; ", TRUE, F82:L82) -> Resource management & circularity; Ecology & biodiversity; Water resources; Agroecological practices & alternatives to conventional; Tools, tech & appropriate innovation; Scale up opportunities & barriers; Systemic change | F82: ='Topics & contexts'!A13 -> Resource management & circularity | G82: ='Topics & contexts'!A9 -> Ecology & biodiversity | H82: ='Topics & contexts'!A11 -> Water resources | I82: ='Topics & contexts'!A3 -> Agroecological practices & alternatives to conventional | J82: ='Topics & contexts'!A6 -> Tools, tech & appropriate innovation | K82: ='Topics & contexts'!A27 -> Scale up opportunities & barriers | L82: ='Topics & contexts'!A28 -> Systemic change | O82: PA
A83: =A82+1 -> 81 | B83: How can farms rely more effectively on local resources for production? | C83: n/a | D83: n/a | E83: =_xlfn.TEXTJOIN("; ", TRUE, F83:L83) -> Resource management & circularity; Economic models & financing | F83: ='Topics & contexts'!A13 -> Resource management & circularity | G83: ='Topics & contexts'!A24 -> Economic models & financing | O83: PA
A84: =A83+1 -> 82 | B84: What are the emerging environmental, political, and socio-economic trajectories, and how can organizations prepare for and adapt to these scenarios? | C84: n/a | D84: n/a | E84: =_xlfn.TEXTJOIN("; ", TRUE, F84:L84) -> Systemic change; Scale up opportunities & barriers; Resilience to shocks (incl. climate change); Education, training & knowledge exchange; Communication, advocacy & political engagement; Policy & governance; Economic status, jobs & livelihoods | F84: ='Topics & contexts'!A28 -> Systemic change | G84: ='Topics & contexts'!A27 -> Scale up opportunities & barriers | H84: ='Topics & contexts'!A7 -> Resilience to shocks (incl. climate change) | I84: ='Topics & contexts'!A20 -> Education, training & knowledge exchange | J84: ='Topics & contexts'!A26 -> Communication, advocacy & political engagement | K84: ='Topics & contexts'!A25 -> Policy & governance | L84: ='Topics & contexts'!A23 -> Economic status, jobs & livelihoods | M84: e.g. horizon scanning | O84: PA
A85: =A84+1 -> 83 | B85: How does/can agroecology contribute to people’s physical health in the UK? | C85: n/a | D85: n/a | E85: =_xlfn.TEXTJOIN("; ", TRUE, F85:L85) -> Quality of produce; Social & community impacts; Yield | F85: ='Topics & contexts'!A5 -> Quality of produce | G85: ='Topics & contexts'!A18 -> Social & community impacts | H85: ='Topics & contexts'!$A$4 -> Yield | O85: LWA
A86: =A85+1 -> 84 | B86: What are the benefits of agroecology for mental health, particularly with robust empirical data in a UK context? | C86: n/a | D86: n/a | E86: =_xlfn.TEXTJOIN("; ", TRUE, F86:L86) -> Social & community impacts | F86: ='Topics & contexts'!A18 -> Social & community impacts | O86: LWA
A87: =A86+1 -> 85 | B87: How is agroecology incorporated into farming education? Does this affect farmer practice? | C87: n/a | D87: n/a | E87: =_xlfn.TEXTJOIN("; ", TRUE, F87:L87) -> Education, training & knowledge exchange; Land access & new entrants; Scale up opportunities & barriers | F87: ='Topics & contexts'!A20 -> Education, training & knowledge exchange | H87: ='Topics & contexts'!A22 -> Land access & new entrants | I87: ='Topics & contexts'!$A$27 -> Scale up opportunities & barriers | O87: LWA
A88: =A87+1 -> 86 | B88: What brings people into agroecology education (e.g., apprenticeships)? | C88: n/a | D88: n/a | E88: =_xlfn.TEXTJOIN("; ", TRUE, F88:L88) -> Education, training & knowledge exchange; Land access & new entrants | F88: ='Topics & contexts'!$A$20 -> Education, training & knowledge exchange | G88: ='Topics & contexts'!$A$22 -> Land access & new entrants | O88: LWA
A89: =A88+1 -> 87 | B89: What are the outcomes of apprenticeships in agroecology? Do people remain in agroecology industry? | C89: n/a | D89: n/a | E89: =_xlfn.TEXTJOIN("; ", TRUE, F89:L89) -> Education, training & knowledge exchange; Land access & new entrants; Scale up opportunities & barriers | F89: ='Topics & contexts'!$A$20 -> Education, training & knowledge exchange | G89: ='Topics & contexts'!$A$22 -> Land access & new entrants | H89: ='Topics & contexts'!$A$27 -> Scale up opportunities & barriers | O89: LWA
A90: =A89+1 -> 88 | B90: What are the primary socio-economic and environmental factors leading to the closure of agroecological market gardens? Particular focus on Scotland | C90: n/a | D90: n/a | E90: =_xlfn.TEXTJOIN("; ", TRUE, F90:L90) -> Scale up opportunities & barriers; Resilience to shocks (incl. climate change); Agroecological practices & alternatives to conventional; Economic status, jobs & livelihoods; Land access & new entrants | F90: ='Topics & contexts'!$A$27 -> Scale up opportunities & barriers | G90: ='Topics & contexts'!A7 -> Resilience to shocks (incl. climate change) | H90: ='Topics & contexts'!A3 -> Agroecological practices & alternatives to conventional | I90: ='Topics & contexts'!$A$23 -> Economic status, jobs & livelihoods | J90: ='Topics & contexts'!$A$22 -> Land access & new entrants | O90: LWA
A91: =A90+1 -> 89 | B91: How do challenges such as labour availability, access to capital, and land tenure influence the viability of small-scale agroecological farms? | C91: n/a | D91: n/a | E91: =_xlfn.TEXTJOIN("; ", TRUE, F91:L91) -> Economic status, jobs & livelihoods; Land access & new entrants; Land justice; Labour & workers rights; Social & community impacts | F91: ='Topics & contexts'!$A$23 -> Economic status, jobs & livelihoods | G91: ='Topics & contexts'!$A$22 -> Land access & new entrants | H91: ='Topics & contexts'!A16 -> Land justice | I91: ='Topics & contexts'!A17 -> Labour & workers rights | J91: ='Topics & contexts'!A18 -> Social & community impacts | O91: LWA
A92: =A91+1 -> 90 | B92: What is the spatial distribution of agroecological market gardens in England/Scotland/Wales/UK, and how has this changed over the past decade? | C92: n/a | D92: n/a | E92: =_xlfn.TEXTJOIN("; ", TRUE, F92:L92) -> Scale up opportunities & barriers; Systemic change; Land justice | F92: ='Topics & contexts'!A27 -> Scale up opportunities & barriers | G92: ='Topics & contexts'!A28 -> Systemic change | I92: ='Topics & contexts'!A16 -> Land justice | O92: LWA
A93: =A92+1 -> 91 | B93: How much food is currently produced per unit area on agroecological market gardens in region/England/Wales/Scotland/UK, and what is its economic value? | C93: n/a | D93: n/a | E93: =_xlfn.TEXTJOIN("; ", TRUE, F93:L93) -> Food sovereignty & justice; Economic status, jobs & livelihoods; Yield | F93: ='Topics & contexts'!A15 -> Food sovereignty & justice | H93: ='Topics & contexts'!A23 -> Economic status, jobs & livelihoods | I93: ='Topics & contexts'!$A$4 -> Yield | O93: LWA
A94: =A93+1 -> 92 | B94: What ecosystem services (e.g., pollination, carbon sequestration, soil health) are currently provided by agroecological market gardens in region/England/Wales/Scotland/UK? | C94: n/a | D94: n/a | E94: =_xlfn.TEXTJOIN("; ", TRUE, F94:L94) -> Ecology & biodiversity; Soil health; Water resources; Yield | F94: ='Topics & contexts'!A9 -> Ecology & biodiversity | G94: ='Topics & contexts'!A10 -> Soil health | H94: ='Topics & contexts'!A11 -> Water resources | I94: ='Topics & contexts'!$A$4 -> Yield | O94: LWA
A95: =A94+1 -> 93 | B95: What value do communities place upon local food growing businesses? | C95: n/a | D95: n/a | E95: =_xlfn.TEXTJOIN("; ", TRUE, F95:L95) -> Culture, heritage & traditional knowledge; Social & community impacts; Food sovereignty & justice | F95: ='Topics & contexts'!A19 -> Culture, heritage & traditional knowledge | G95: ='Topics & contexts'!A18 -> Social & community impacts | I95: ='Topics & contexts'!A15 -> Food sovereignty & justice | O95: LWA
A96: =A95+1 -> 94 | B96: Where are local food growing businesses located, and where are they in relation to other nodes of food distribution? Does this work well? | C96: n/a | D96: n/a | E96: =_xlfn.TEXTJOIN("; ", TRUE, F96:L96) -> Scale up opportunities & barriers | F96: ='Topics & contexts'!A27 -> Scale up opportunities & barriers | O96: OGA
A97: =A96+1 -> 95 | B97: How can the agroecology movement utilise all the data we already have available? Can it be collated, kept up to date, and utilised to support the movement? | C97: n/a | D97: n/a | E97: =_xlfn.TEXTJOIN("; ", TRUE, F97:L97) -> Scale up opportunities & barriers; Communication, advocacy & political engagement; Policy & governance | F97: ='Topics & contexts'!A27 -> Scale up opportunities & barriers | G97: ='Topics & contexts'!A26 -> Communication, advocacy & political engagement | H97: ='Topics & contexts'!A25 -> Policy & governance | M97: Inspiration from big retailers | O97: OGA
A98: =A97+1 -> 96 | B98: How can we establish our shared values as a society, and how can these be used to support a just transition in agriculture (and wider)? | C98: n/a | D98: n/a | E98: =_xlfn.TEXTJOIN("; ", TRUE, F98:L98) -> Culture, heritage & traditional knowledge; Education, training & knowledge exchange; Communication, advocacy & political engagement; Food sovereignty & justice | F98: ='Topics & contexts'!A19 -> Culture, heritage & traditional knowledge | G98: ='Topics & contexts'!A20 -> Education, training & knowledge exchange | H98: ='Topics & contexts'!A26 -> Communication, advocacy & political engagement | I98: ='Topics & contexts'!A15 -> Food sovereignty & justice | O98: OGA
A99: =A98+1 -> 97 | B99: Despite progress in agroecology there has been a limited shift in the UK overall, how can we stake a step back and readdress and rebalance systematically? | C99: n/a | D99: n/a | E99: =_xlfn.TEXTJOIN("; ", TRUE, F99:L99) -> Scale up opportunities & barriers; Systemic change | F99: ='Topics & contexts'!A27 -> Scale up opportunities & barriers | G99: ='Topics & contexts'!A28 -> Systemic change | O99: OGA
A100: =A99+1 -> 98 | B100: How have other countries achieved cultural shifts in valuing agroecology (e.g., Copenhagen’s 90% organic procurement, Welsh regime in schools)? What do communities in those countries value, and how did they come to value food differently? | C100: n/a | D100: n/a | E100: =_xlfn.TEXTJOIN("; ", TRUE, F100:L100) -> Systemic change; Culture, heritage & traditional knowledge | F100: ='Topics & contexts'!A28 -> Systemic change | G100: ='Topics & contexts'!A19 -> Culture, heritage & traditional knowledge | O100: OGA
...

Sheet Instructions for updater
B2: Hello person of the future!
B4: Congrats on getting the lovely task of updating this spreadsheet :-). I've tried to make it easy if you follow the below instructions..
B6: IMPORTANT
B7: Do not edit any green sheets unless you are an Excel whizz; all of these should feed through from other sheets
B8: Do not edit formula in any coloured cell in the non-public facing sheets. These contain formulas that will update based on things in other cells, and it's important they stay functional for the rest of the spreadsheet to work
B10: To add in new research needs
B11: 1. New research questions should be added in the Research Needs (all) tab in column B above the grey line (add a new row where necessary).
B12: Please make sure things are added above the grey line (add a new row where necessary); this means the formulas elsewhere will still look at all of the rows with data in.
B13: 2. In column A, copy the formula from above (the questions should all be numbered in order)
B14: 3. Add in any themes and contexts for each column you add.
B15: - Please enter each separately in Topic 1, 2, 3 etc and Context 1,2,3 etc, and then copy and paste the formula from the previous entry into the green column, this will pull them all together in the correct format for the subsequent formula
B16: 4. Navigate to the 'All Research Needs' spreadsheet
... B24: Rosy, Sept 2025

Sheet topic count
A1: [non-public-facing copy: hide this sheet for the public version]
B2: Scale up opportunities & barriers | C2: Systemic change | D2: Agroecological practices & alternatives to conventional | E2: Social & community impacts | F2: Economic status, jobs & livelihoods | G2: Soil health | H2: Economic models & financing | I2: Policy & governance | J2: GHGs & climate mitigation | K2: Ecology & biodiversity | L2: Communication, advocacy & political engagement | M2: Land access & new entrants | N2: Education, training & knowledge exchange | O2: Culture, heritage & traditional knowledge | P2: Resource management & circularity | Q2: Labour & workers rights | R2: Tools, tech & appropriate innovation | S2: Yield | T2: Land justice | U2: Food sovereignty & justice | V2: Quality of produce | W2: Resilience to shocks (incl. climate change) | X2: Certification & standards | Y2: Research | Z2: Animal welfare | AA2: Water resources
A3: all | B3: =COUNTIF('Research Needs (all)'!$F$3:$L$196, 'topic count'!B2) -> 55 | C3: =COUNTIF('Research Needs (all)'!$F$3:$L$196, 'topic count'!C2) -> 43 | D3: =COUNTIF('Research Needs (all)'!$F$3:$L$196, 'topic count'!D2) -> 42 | E3: =COUNTIF('Research Needs (all)'!$F$3:$L$196, 'topic count'!E2) -> 39 | F3: =COUNTIF('Research Needs (all)'!$F$3:$L$196, 'topic count'!F2) -> 35 | G3: =COUNTIF('Research Needs (all)'!$F$3:$L$196, 'topic count'!G2) -> 33 | H3: =COUNTIF('Research Needs (all)'!$F$3:$L$196, 'topic count'!H2) -> 32 | I3: =COUNTIF('Research Needs (all)'!$F$3:$L$196, 'topic count'!I2) -> 32 | ... AA3: =COUNTIF('Research Needs (all)'!$F$3:$L$196, 'topic count'!AA2) -> 5
A4: pre-25 | B4: =COUNTIF('Research Needs (all)'!$F$3:$L$75, 'topic count'!B2) -> 7 | C4: =COUNTIF('Research Needs (all)'!$F$3:$L$75, 'topic count'!C2) -> 11 | D4: =COUNTIF('Research Needs (all)'!$F$3:$L$75, 'topic count'!D2) -> 29 | E4: =COUNTIF('Research Needs (all)'!$F$3:$L$75, 'topic count'!E2) -> 16 | F4: =COUNTIF('Research Needs (all)'!$F$3:$L$75, 'topic count'!F2) -> 16 | G4: =COUNTIF('Research Needs (all)'!$F$3:$L$75, 'topic count'!G2) -> 24 | H4: =COUNTIF('Research Needs (all)'!$F$3:$L$75, 'topic count'!H2) -> 9 | I4: =COUNTIF('Research Needs (all)'!$F$3:$L$75, 'topic count'!I2) -> 13 | ... AA4: =COUNTIF('Research Needs (all)'!$F$3:$L$75, 'topic count'!AA2) -> 0
A5: post-25 | B5: =COUNTIF('Research Needs (all)'!$F$76:$L$196, 'topic count'!B2) -> 48 | C5: =COUNTIF('Research Needs (all)'!$F$76:$L$196, 'topic count'!C2) -> 32 | D5: =COUNTIF('Research Needs (all)'!$F$76:$L$196, 'topic count'!D2) -> 13 | E5: =COUNTIF('Research Needs (all)'!$F$76:$L$196, 'topic count'!E2) -> 23 | F5: =COUNTIF('Research Needs (all)'!$F$76:$L$196, 'topic count'!F2) -> 19 | G5: =COUNTIF('Research Needs (all)'!$F$76:$L$196, 'topic count'!G2) -> 9 | H5: =COUNTIF('Research Needs (all)'!$F$76:$L$196, 'topic count'!H2) -> 23 | I5: =COUNTIF('Research Needs (all)'!$F$76:$L$196, 'topic count'!I2) -> 19 | ... AA5: =COUNTIF('Research Needs (all)'!$F$76:$L$196, 'topic count'!AA2) -> 5
B7: Agroecological practices & alternatives to conventional | C7: Soil health | D7: GHGs & climate mitigation | E7: Ecology & biodiversity | F7: Resource management & circularity | G7: Social & community impacts | H7: Economic status, jobs & livelihoods | I7: Policy & governance | J7: Tools, tech & appropriate innovation | K7: Systemic change | L7: Economic models & financing | M7: Land access & new entrants | N7: Yield | O7: Scale up opportunities & barriers | P7: Education, training & knowledge exchange | Q7: Land justice | R7: Food sovereignty & justice | S7: Labour & workers rights | T7: Animal welfare | U7: Certification & standards | V7: Quality of produce | W7: Culture, heritage & traditional knowledge | X7: Research | Y7: Communication, advocacy & political engagement | Z7: Resilience to shocks (incl. climate change) | AA7: Water resources
A8: pre-25 | B8: =COUNTIF('Research Needs (all)'!$F$3:$L$75, 'topic count'!B7) -> 29 | C8: =COUNTIF('Research Needs (all)'!$F$3:$L$75, 'topic count'!C7) -> 24 | D8: =COUNTIF('Research Needs (all)'!$F$3:$L$75, 'topic count'!D7) -> 21 | E8: =COUNTIF('Research Needs (all)'!$F$3:$L$75, 'topic count'!E7) -> 19 | F8: =COUNTIF('Research Needs (all)'!$F$3:$L$75, 'topic count'!F7) -> 17 | G8: =COUNTIF('Research Needs (all)'!$F$3:$L$75, 'topic count'!G7) -> 16 | H8: =COUNTIF('Research Needs (all)'!$F$3:$L$75, 'topic count'!H7) -> 16 | I8: =COUNTIF('Research Needs (all)'!$F$3:$L$75, 'topic count'!I7) -> 13 | ... AA8: =COUNTIF('Research Needs (all)'!$F$3:$L$75, 'topic count'!AA7) -> 0
B10: Scale up opportunities & barriers | C10: Systemic change | D10: Communication, advocacy & political engagement | E10: Economic models & financing | F10: Social & community impacts | G10: Culture, heritage & traditional knowledge | H10: Land access & new entrants | I10: Economic status, jobs & livelihoods | J10: Policy & governance | K10: Education, training & knowledge exchange | L10: Labour & workers rights | M10: Agroecological practices & alternatives to conventional | N10: Land justice | O10: Food sovereignty & justice | P10: Yield | Q10: Quality of produce | R10: Ecology & biodiversity | S10: GHGs & climate mitigation | T10: Soil health | U10: Tools, tech & appropriate innovation | V10: Resilience to shocks (incl. climate change) | W10: Water resources | X10: Research | Y10: Resource management & circularity | Z10: Certification & standards | AA10: Animal welfare
A11: post-25 | B11: =COUNTIF('Research Needs (all)'!$F$76:$L$196, 'topic count'!B10) -> 48 | C11: =COUNTIF('Research Needs (all)'!$F$75:$L$196, 'topic count'!C10) -> 33 | D11: =COUNTIF('Research Needs (all)'!$F$75:$L$196, 'topic count'!D10) -> 27 | E11: =COUNTIF('Research Needs (all)'!$F$75:$L$196, 'topic count'!E10) -> 23 | F11: =COUNTIF('Research Needs (all)'!$F$75:$L$196, 'topic count'!F10) -> 23 | G11: =COUNTIF('Research Needs (all)'!$F$75:$L$196, 'topic count'!G10) -> 21 | H11: =COUNTIF('Research Needs (all)'!$F$75:$L$196, 'topic count'!H10) -> 19 | I11: =COUNTIF('Research Needs (all)'!$F$75:$L$196, 'topic count'!I10) -> 19 | J11: =COUNTIF('Research Needs (all)'!$F$75:$L$196, 'topic count'!J10) -> 19 | ... AA11: =COUNTIF('Research Needs (all)'!$F$75:$L$196, 'topic count'!AA10) -> 3

Sheet Topics & contexts
A1: [non-public-facing copy: hide this sheet for the public version]
A2: Research topics | C2: Research contexts
A3: Agroecological practices & alternatives to conventional | C3: Arable
A4: Yield | C4: Pastoral
A5: Quality of produce | C5: Horticultural (incl. market gardens)
A6: Tools, tech & appropriate innovation | C6: Integrated / mixed systems
A7: Resilience to shocks (incl. climate change) | C7: Community-focussed agriculture (e.g., CSAs, schools, allotments)
A8: Certification & standards | C8: Urban and peri-urban growing
A9: Ecology & biodiversity | C9: Crofts and smallholdings
A10: Soil health | C10: Polycropping and agroforestry
A11: Water resources | C11: Fibre
A12: Animal welfare | C12: Specialised agriculture (e.g., fibre, flowers, paludiculture, viticulture)
A13: Resource management & circularity | C13: All agricultural/horticultural systems
... A17: Labour & workers rights | C17: Policy and/or system-wide
A18: Social & community impacts
A19: Culture, heritage & traditional knowledge
A20: Education, training & knowledge exchange
A21: Research
A22: Land access & new entrants
A23: Economic status, jobs & livelihoods
A24: Economic models & financing
A25: Policy & governance
A26: Communication, advocacy & political engagement
A27: Scale up opportunities & barriers
A28: Systemic change
